 Dungeon Crawl Stone Soup version 0.19-a0-1831-gd4c818f (webtiles) character file.

956948 Arkorax the Metallomancer (level 27, -15/268 HPs)
             Began as a Deep Dwarf Gladiator on Oct 7, 2016.
             Was the Champion of Makhleb.
             Demolished by an Orb Guardian (44 damage)
             ... on level 5 of the Realm of Zot on Oct 8, 2016.
             The game lasted 03:30:48 (61849 turns).

Arkorax the Metallomancer (Deep Dwarf Gladiator)   Turns: 61849, Time: 03:30:48

Health: -15/268    AC: 37    Str: 30    XL:     27
Magic:  41/41      EV: 19    Int: 35    God:    Makhleb [******]
Gold:   7394       SH:  8    Dex: 10    Spells: 11 memorised, 10 levels left

rFire  + + .     SeeInvis .     g - +9 executioner's axe of Wrath {freeze, Int+8 Dex-2}
rCold  + + .     Gourm    .     p - +7 ice dragon armour of the Guilds {rF- rC++ Str+6 Int-3}
rNeg   + . .     Faith    .     (shield currently unavailable)
rPois  +         Spirit   .     c - +3 hat of Pondering {ponderous, MR+ MP+10 Int+5}
rElec  +         Dismiss  .     k - +2 cloak {rPois}
rCorr  .         Reflect  +     S - +0 pair of gloves of Miajiyl {rElec Dex+3}
MR     +++++     Harm     .     q - +2 pair of boots "Bicut Dydudo" {Int+7 Dex-3}
Stlth  ..........               x - brooch of Shielding {Reflect SH+8}
                                X - ring "Woynieph" {Wiz MR++ Int+4 Stlth-}
                                h - ring "Rady" {rF+++ MR+++ Dex-4 Slay+4 Stlth-}

@: very slightly contaminated, non-regenerating, hasted, very quick
A: damage resistance, recharge devices, talons 1, deterioration 1, magic
resistance 1, negative energy resistance 1, sense surroundings 3, slow
regeneration 3
a: Device Recharging, Minor Destruction, Lesser Servant of Makhleb, Major
Destruction, Greater Servant of Makhleb, Renounce Religion
}: 5/15 runes: serpentine, barnacled, slimy, silver, abyssal


You were on level 5 of the Realm of Zot.
You worshipped Makhleb.
Makhleb was exalted by your worship.
You were not hungry.

You visited 12 branches of the dungeon, and saw 58 of its levels.
You visited the Abyss 1 time.
You completed 1 ziggurat, and saw 27 of its levels.
You also visited: Ice Cave, Volcano and Desolation.

You collected 12242 gold pieces.
You spent 4848 gold pieces at shops.

Inventory:

Hand Weapons
 g - the +9 executioner's axe of Wrath (weapon) {freeze, Int+8 Dex-2}
   (You acquired it on level 25 of a ziggurat)

   It has been specially enchanted to freeze those struck by it, causing extra
   injury to most foes and up to half again as much damage against particularly
   susceptible opponents.
   It can also slow down cold-blooded creatures.
   It affects your intelligence (+8).
   It affects your dexterity (-2).
 T - the +5 battleaxe of Proximity {pain, rPois rN+ Dex+4}
   (You took it off a deep elf death mage on level 3 of the Elven Halls)

   In the hands of one skilled in necromantic magic, it inflicts extra damage on
   living creatures.
   It affects your dexterity (+4).
   It protects you from poison.
   It protects you from negative energy.
Missiles
 Y - 9 throwing nets (quivered)
Armour
 c - the +3 hat of Pondering (worn) {ponderous, MR+ MP+10 Int+5}
   (You took it off Gastronok on level 1 of the Lair of Beasts)

   It affects your intelligence (+5).
   It affects your resistance to hostile enchantments.
   It affects your magic capacity (+10).
 k - a +2 cloak of poison resistance (worn)
   (You found it on level 3 of the Elven Halls)
 p - the +7 ice dragon armour of the Guilds (worn) {rF- rC++ Str+6 Int-3}
   (You bought it in a shop on level 2 of the Orcish Mines)

   It affects your strength (+6).
   It affects your intelligence (-3).
   It makes you vulnerable to fire.
   It greatly protects you from cold.
 q - the +2 pair of boots "Bicut Dydudo" (worn) {Int+7 Dex-3}
   (You found it on level 19 of a ziggurat)

   It affects your intelligence (+7).
   It affects your dexterity (-3).
 S - the +0 pair of gloves of Miajiyl (worn) {rElec Dex+3}
   (You bought it in a shop on level 3 of the Depths)

   It affects your dexterity (+3).
   It insulates you from electricity.
Jewellery
 h - the ring "Rady" (left hand) {rF+++ MR+++ Dex-4 Slay+4 Stlth-}
   (You took it off a deep elf annihilator on level 3 of the Elven Halls)

   [ring of slaying]

   It affects your dexterity (-4).
   It affects your accuracy and damage with ranged weapons and melee attacks
   (+4).
   It renders you almost immune to fire.
   It affects your resistance to hostile enchantments.
   It makes you less stealthy.
 n - the ring "Puarph" {rPois rN+ Str+4 Dex+3 SInv}
   (You took it off a merfolk on level 4 of the Shoals)

   [ring of strength]

   It affects your strength (+4).
   It affects your dexterity (+3).
   It protects you from poison.
   It protects you from negative energy.
   It lets you see invisible.
 x - the brooch of Shielding (around neck) {Reflect SH+8}
   (You found it on level 19 of a ziggurat)

   [amulet of reflection]

   It shields you and reflects attacks.
   It affects your SH (+8).
 y - the ring "Cahuomp" {rPois rN+ Str-4 Int+4 Dex+10}
   (You found it on level 3 of the Crypt)

   [ring of positive energy]

   It affects your strength (-4).
   It affects your intelligence (+4).
   It affects your dexterity (+10).
   It protects you from poison.
   It protects you from negative energy.
 K - the ring of Uskayaw's Reproof {rF- Str+6 Int+5 Slay+3}
   (You found it in the Desolation of Salt)

   [ring of intelligence]

   It affects your strength (+6).
   It affects your intelligence (+5).
   It affects your accuracy and damage with ranged weapons and melee attacks
   (+3).
   It makes you vulnerable to fire.
 M - the amulet "Wycan" {Dismiss rF+}
   (You took it off a mummy priest on level 3 of the Depths)

   [amulet of dismissal]

   It may teleport away creatures that harm you.
   It protects you from fire.
 V - an uncursed ring of resist corrosion
 X - the ring "Woynieph" (right hand) {Wiz MR++ Int+4 Stlth-}
   (You found it in the Desolation of Salt)

   [ring of wizardry]

   It improves your spell success rate.
   It affects your intelligence (+4).
   It affects your resistance to hostile enchantments.
   It makes you less stealthy.
Wands
 e - a wand of heal wounds (4/9) {!d}
 i - a wand of hasting (5/9) {!d}
 u - a wand of heal wounds (1/9) {!d}
 L - a wand of disintegration (0/24)
 O - a wand of disintegration (2/24)
Scrolls
 a - 14 scrolls of enchant weapon
 b - 3 scrolls of fear {!r}
 l - 6 scrolls of summoning {!r}
 r - 42 scrolls of remove curse
 t - 13 scrolls of fog
 A - 8 scrolls of silence {!r}
 B - 14 scrolls of enchant armour
 C - 3 scrolls of identify
 F - 3 scrolls of holy word {!r}
 H - 14 scrolls of magic mapping {!r}
 P - 3 scrolls of blinking
 R - 16 scrolls of teleportation {!r}
Potions
 j - 4 potions of might {!q}
 o - 8 potions of flight
 s - 4 potions of brilliance {!q}
 w - 7 potions of resistance {!q}
 z - 21 potions of curing
 E - 4 potions of heal wounds {!q}
 G - 9 potions of cure mutation {!q}
 I - 3 potions of invisibility {!q}
 J - a potion of agility {!q}
 Q - 6 potions of ambrosia
 W - 4 potions of cancellation {!q}
Books
 m - the Collected Works on Weightlessness
   (You found it on level 25 of a ziggurat)

   Spells                             Type                      Level
   a - Swiftness                      Charms/Air                   2
   b - Static Discharge               Conjuration/Air              3
   c - Mephitic Cloud                 Conjuration/Poison/Air       3
   d - Lightning Bolt                 Conjuration/Air              5
   e - Conjure Ball Lightning         Conjuration/Air              6
Miscellaneous
 v - a figurine of a ziggurat
Comestibles
 d - 10 meat rations {!e}
 f - 18 bread rations {!e}
 D - 21 fruits
 N - 24 beef jerkies
 U - 32 royal jellies


   Skills:
 + Level 20.0 Fighting
 + Level 23.6 Axes
 - Level 1.7 Throwing
 + Level 20.6 Armour
 + Level 18.8 Dodging
 - Level 19.7 Spellcasting
 - Level 23.3 Necromancy
 - Level 24.2 Transmutations
 - Level 26.2 Earth Magic
 + Level 15.7 Invocations


You had 10 spell levels left.
You knew the following spells:

 Your Spells              Type           Power        Failure   Level  Hunger
a - Silence               Hex/Air        ####......   24%         5    None
b - Death Channel         Necr           ########..   1%          6    None
c - Necromutation         Tmut/Necr      ########..   1%          8    ####...
d - Spectral Weapon       Hex/Chrm       ####....     2%          3    None
e - Song of Slaying       Chrm           ####....     1%          2    None
f - Dispel Undead         Necr           ########     0%          5    None
g - Borgnjor's Revivific  Necr           ########..   1%          8    ####...
h - Shatter               Erth           ########..   2%          9    ######.
D - Aura of Abjuration    Summ           ####......   24%         5    None
J - Blink                 Tloc           N/A          1%          2    None
M - Repel Missiles        Chrm/Air       ####..       1%          2    None


Dungeon Overview and Level Annotations

Branches:
Dungeon (15/15)            Temple (1/1) D:4            Lair (6/6) D:10
 Shoals (4/4) Lair:4        Snake (4/4) Lair:3        Slime (5/5) Lair:6
    Orc (2/2) D:12            Elf (3/3) Orc:2        Vaults (5/5) D:14
  Crypt (3/3) Vaults:3       Tomb (0/3) Crypt:3      Depths (5/5) D:15
    Zot (5/5) Depths:5

Altars:
Ashenzari
Cheibriados
Dithmenos
Elyvilon
Fedhas
Gozag
Hepliaklqana
Kikubaaqudgha
Makhleb
Nemelex Xobeh
Okawaru
Qazlal
Ru
Sif Muna
Trog
Uskayaw
Vehumet
Xom
Yredelemnul
Zin
The Shining One
Beogh
Jiyva
Lugonu

Shops:
D:4 [}(*   D:5 :   D:12 [   Orc:2 (*:[   Elf:2 **(   Elf:3 (   Vaults:3 *!}:[
Depths:1 *(!   Depths:3 *([

Portals:
Hell: Depths:1 Depths:2 Depths:3 Depths:5
Abyss: Depths:2
Pandemonium: Depths:3

Annotations:
D:11 2 runed doors
Lair:3 exclusion: oklob plant
Vaults:3 exclusion: door
Depths:4 exclusion: orange crystal statue
Depths:5 2 exclusions


Innate Abilities, Weirdness & Mutations

You are resistant to damage.
You can recharge devices by infusing magical energy.
You resist negative energy. (rN+)
You passively map a large area around you.
You do not regenerate.
You have sharp toenails.
Your body sometimes deteriorates upon taking damage.
You are resistant to hostile enchantments. (MR+)


Message History

Unknown command.
You are too injured to fight recklessly!
Unknown command.
Unknown command.
Your blink will be uncontrolled - continue anyway?
Okay, then.
Unknown command.
Casting: Shatter
Confirm with . or Enter, or press ? or * to list all spells.
Okay, then.
Unknown command.
Your blink will be uncontrolled - continue anyway?
The Orb prevents control of your translocation!
You blink.
As you read the scroll of blinking, it crumbles to dust.
Your blink will be uncontrolled - continue anyway? [Y]es or [N]o only, please.
Your blink will be uncontrolled - continue anyway? [Y]es or [N]o only, please.
Your blink will be uncontrolled - continue anyway?
The Orb prevents control of your translocation!
You blink.
As you read the scroll of blinking, it crumbles to dust.
The Orb Guardian completely misses you. You block the Orb Guardian's attack.
The Orb Guardian closely misses you.
Your blink will be uncontrolled - continue anyway?
The Orb prevents control of your translocation!
You blink.
As you read the scroll of blinking, it crumbles to dust.
You found a needle trap!
Found a robe.
Really quaff
Z - a potion of haste {!q}?
You feel yourself speed up.
The Orb Guardian hits you but does no damage.
The Orb Guardian hits you!!
* * * LOW HITPOINT WARNING * * *
You are very lightly contaminated with residual magic.
Damage: 24 (max 51) Unknown command.
The Orb Guardian hits you!!
* * * LOW HITPOINT WARNING * * *
You block the Orb Guardian's attack.
Damage: 15 (max 51)
The Orb Guardian completely misses you.
Evoke which item? (* to show all) (? for menu, Esc to quit)
Zapping:
e - a wand of heal wounds (5/9) {!d}
Press: ? - help, Shift-Dir - straight line, f - you You feel much better.
This wand has 4 charges left.
The Orb Guardian hits you! The Orb Guardian hits you!!!
You die...

************* *****
,,,,,,,,,,..##* ***,,,,
,,,,,,,,**,...#* **,,,,**
,,,,,,,,,***[..###########,,,***,
,,,,,,,,,,***.............,,***,,
,,,,,,,,,,* *#............,** *,,
,,,,,,,,,,* #............,* *,,
.......,,,* *#...........#* *,,
......,,,,* #.@X........* *,,
........,,* ##.XX./......** *,,
........,** #...y........,* **,
........** *#............,** **
......,** #.^...........,,* *
.##.#### ▓▓########.########****
.....#.# #......§...........,**,
.....#.## ##...#...#...##....***<
.....##.# ##..#.##.#.##.#*,,#**,,


You could see 3 Orb Guardians and a moth of wrath.

Vanquished Creatures
  the Royal Jelly (Slime:5)
  4 ancient liches
  17 orbs of fire
  8 juggernauts (Zig:25)
  Mara (Vaults:4)
  3 pandemonium lords
  Sojobo (Depths:3)
  7 greater mummies (Zig:20)
  Bai Suzhen (Elf:3)
  Xtahua (Vaults:4)
  Margery (Vaults:4)
  Saint Roka (Elf:2)
  A Killer Klown (Zig:4)
  10 golden dragons
  Nikola (Snake:1)
  7 bone dragons
  Jory (Depths:5)
  4 profane servitors
  2 electric golems (Zot:5)
  A Tzitzimitl (Zig:19)
  Jorgrun (Snake:2)
  6 liches
  4 Brimstone Fiends (Zig:19)
  Rupert (Lair:6)
  2 Ice Fiends
  6 Hell Sentinels
  14 deep elf blademasters
  The ghost of cortexin the Brawler, an adept TrFi of Okawaru (Snake:4)
  4 titans
  16 tentacled monstrosities
  6 quicksilver dragons
  4 Orb Guardians (Zot:5)
  13 acid blobs
  8 Executioners
  5 death cobs
  25 deep elf master archers
  6 sphinxes
  Gastronok (Lair:1)
  Frances (Snake:1)
  15 ancient champions
  13 tentacled starspawn
  The ghost of Tekks the Warrior, an adept HOFi of Beogh (Shoals:1)
  A kraken (Abyss:4)
  10 storm dragons
  10 shadow dragons
  12 draconian monks
  16 tengu reavers
  7 revenants
  8 frost giants
  8 azure jellies
  22 fire giants
  Ilsuiw (Shoals:4)
  6 deep elf sorcerers
  14 nagarajas
  2 iron dragons (Vaults:5)
  9 draconian knights
  14 orc warlords
  11 draconian scorchers
  27 vault wardens
  8 ghost moths
  3 imperial myrmidons (Desolation)
  Aizul (Snake:1)
  An emperor scorpion (shapeshifter) (Vaults:5)
  11 balrugs
  2 emperor scorpions (Zig:14)
  8 draconian zealots
  A spriggan defender (Depths:3)
  Louise (Elf:2)
  9 ghouls
  5 draconian shifters
  5 warmongers (Zig:19)
  4 curse skulls
  3 deep elf elementalists
  20 ironheart preservers
  3 cacodemons
  10 draconian annihilators
  17 very ugly things
  31 stone giants
  A juggernaut zombie (Depths:4)
  A draconian caller (Zot:4)
  3 corrupters
  4 reapers
  A caustic shrike skeleton (Zig:11)
  13 vampire knights
  3 blood saints
  6 war gargoyles
  2 juggernaut skeletons (Zig:20)
  5 entropy weavers
  7 black draconians
  17 deep elf demonologists
  7 green draconians
  A halazid warlock (Desolation)
  A lorocyproca (Abyss:4)
  15 yellow draconians
  6 white draconians
  7 red draconians
  11 deep elf annihilators
  2 spark wasps (Zig:14)
  6 mottled draconians
  18 merfolk javelineers
  13 eidola
  9 purple draconians
  4 blizzard demons
  12 fire dragons
  15 deep elf death magi
  6 green deaths
  12 mummy priests
  12 ettins
  24 jiangshi
  19 merfolk impalers
  3 crystal guardians
  4 ragged hierophants (Desolation)
  18 deep elf high priests
  4 death oozes (Slime:5)
  29 yaktaur captains
  21 great orbs of eyes
  Fannar (Lair:3)
  44 vault guards
  21 naga warriors
  10 rakshasas
  3 servants of whispers (Desolation)
  9 ice dragons
  Harold (D:10)
  The ghost of Promi the Carver, a journeyman HuBe of Trog (Lair:1)
  6 alligator snapping turtles
  4 catoblepae (Lair:6)
  10 peacekeepers (Desolation)
  6 merfolk avatars
  A hell beast (Zig:19)
  A ghost crab (Abyss:4)
  5 hydras
  22 anacondas
  6 spriggan air magi
  24 death yaks
  21 centaur warriors
  8 death knights
  16 merfolk aquamancers
  34 dancing weapons
  17 ogre magi
  10 satyrs
  8 deep troll earth magi
  2 death scarabs (Zig:20)
  8 deep troll shamans
  4 tengu warriors
  20 vampire magi
  10 orc high priests
  A hell hog (Zig:17)
  27 naga sharpshooters
  A queen ant (Lair:3)
  14 shock serpents
  5 spriggan berserkers
  24 deep elf knights
  16 hell knights
  3 soul eaters
  15 wretched stars
  2 titan zombies
  48 skeletal warriors
  20 thrashing horrors
  3 storm dragon zombies
  The ghost of TZer0 the Martial Artist, a novice OpTm of Cheibriados (D:9)
  5 sixfirhies
  A spark wasp zombie (Zig:9)
  3 shadow wraiths
  31 small abominations
  11 fire crabs
  8 iron trolls
  3 golden dragon zombies
  13 salamander mystics
  3 spatial maelstroms (Abyss:4)
  A fire crab (shapeshifter) (Vaults:2)
  14 sea snakes
  4 unseen horrors
  10 flayed ghosts
  11 naga ritualists
  34 deep trolls
  An anaconda zombie (Crypt:3)
  2 infernal demonspawn (Zig:19)
  7 wizards
  23 deep elf archers
  A shadow demon (Zig:8)
  5 tengu zombies
  2 glowing orange brains
  9 hill giants
  An obsidian statue (Zig:8)
  21 ironbrand convokers
  A shambling mangrove (Abyss:4)
  14 necromancers
  An orange crystal statue (Crypt:1)
  6 lindwurms
  A harpy (shapeshifter) (Vaults:5)
  A shadow dragon zombie (Zig:11)
  A hill giant (shapeshifter) (Vaults:5)
  2 iron dragon zombies
  20 phantasmal warriors
  16 orc knights
  An orb spider (shapeshifter) (Vaults:3)
  21 mana vipers
  37 ugly things
  2 sphinx zombies
  12 wolf spiders
  2 anaconda skeletons (Crypt:2)
  4 fire giant zombies
  15 orc sorcerers
  36 harpies
  A shadow dragon skeleton (Zig:6)
  4 shining eyes
  22 cyclopes
  4 stone giant zombies
  A cyclops (shapeshifter) (Depths:1)
  21 fauns
  5 oklob plants
  12 manticores
  5 frost giant zombies
  67 deep elf magi
  6 elephants (Lair:3)
  32 moths of wrath
  12 salamanders
  4 worldbinders
  6 apocalypse crabs
  An iron dragon skeleton (Crypt:1)
  4 centaur zombies
  11 sirens
  6 rust devils
  A frost giant skeleton (Crypt:1)
  A dire elephant zombie (Crypt:3)
  19 vault sentinels
  A fire giant skeleton (Depths:2)
  A molten gargoyle (Desolation)
  21 guardian serpents
  A guardian serpent (shapeshifter) (Zig:26)
  26 naga magi
  13 smoke demons
  14 water nymphs
  3 orange demons
  5 gargoyles
  A shock serpent skeleton (Crypt:1)
  58 black mambas
  2 spriggan skeletons
  10 spiny frogs
  5 kobold demonologists
  4 hellions
  2 rime drakes
  4 komodo dragons
  2 anaconda simulacra (Depths:4)
  A spark wasp simulacrum (Depths:2)
  7 tormentors
  2 hydra zombies
  5 ice devils
  6 demonic crawlers
  66 yaktaurs
  2 tengu conjurers
  13 efreet
  19 freezing wraiths
  A red draconian skeleton (Crypt:2)
  16 guardian mummies
  3 hellwings
  A troll (shapeshifter) (D:13)
  10 ancient zymes
  45 merfolk
  A red devil (Depths:5)
  A death drake zombie (Crypt:2)
  A jumping spider (shapeshifter) (Depths:2)
  9 wind drakes
  5 polar bears (Lair:4)
  7 jumping spiders
  14 trolls
  A two-headed ogre (shapeshifter) (Vaults:1)
  18 hornets
  26 two-headed ogres
  19 blink frogs
  10 dream sheep
  A sphinx simulacrum (Vaults:2)
  2 spriggan zombies
  35 saltlings (Desolation)
  A hippogriff (shapeshifter) (Zig:2)
  12 snapping turtles
  19 raiju
  60 slime creatures
  19 hippogriffs
  51 starcursed masses
  21 flying skulls
  7 shadows
  7 redbacks
  A satyr skeleton (Crypt:1)
  5 air elementals
  3 spriggans
  39 large abominations
  11 ushabtiu (Zig:20)
  16 wraiths
  50 yaks
  9 tarantellas
  A vampire (Abyss:4)
  7 ynoxinuls
  2 fire bats (Volcano)
  3 basilisks
  15 fire elementals
  10 wyverns
  4 hungry ghosts
  A tyrant leech zombie (Crypt:1)
  33 water elementals
  A human (Vaults:3)
  3 golden eyes (Slime:1)
  2 steam dragons
  The ghost of Anmu the Shield-Bearer, an amateur FoFi (D:3)
  A basilisk (shapeshifter) (Vaults:1)
  6 chaos spawn
  2 human simulacra
  6 vampire mosquitoes (D:15)
  4 mottled dragons
  7 neqoxecs
  20 soldier ants (Lair:3)
  4 spatial vortices (Abyss:4)
  A swamp worm (shapeshifter) (Vaults:4)
  63 nagas
  16 wargs
  15 hell hounds
  2 tengu skeletons (Zig:6)
  A floating eye (shapeshifter) (Vaults:5)
  4 porcupines
  12 water moccasins
  An ogre skeleton (Vaults:1)
  2 black bears
  62 orc warriors
  A snapping turtle zombie (Crypt:3)
  2 torturous demonspawn skeletons
  6 sky beasts
  4 eyes of draining
  12 ice beasts
  A swamp dragon skeleton (Crypt:2)
  A swamp dragon zombie (Crypt:3)
  An ice dragon simulacrum (Crypt:2)
  64 ogres
  7 boggarts
  14 necrophages
  4 phantoms
  13 wolves
  A snapping turtle skeleton (Abyss:3)
  An orc zombie (Vaults:1)
  An orc skeleton (Vaults:1)
  33 centaurs
  A big kobold (D:14)
  10 crocodiles
  4 elf zombies (Elf:1)
  A gnoll sergeant (D:11)
  A salamander skeleton (Crypt:1)
  17 bullfrogs
  7 earth elementals
  A wyvern zombie (D:12)
  A cyclops zombie (Crypt:1)
  4 wyvern skeletons (Crypt:3)
  2 scorpions
  14 killer bees
  A swamp dragon simulacrum (Abyss:3)
  A troll zombie (Crypt:2)
  10 wights
  3 howler monkeys
  6 electric eels
  8 crimson imps
  2 human zombies
  3 lava snakes (Volcano)
  4 quasits
  A two-headed ogre zombie (Crypt:2)
  5 bullfrog skeletons
  8 iron imps
  6 jellies
  26 orc priests
  A wolf skeleton (Crypt:2)
  2 bullfrog zombies
  5 centaur skeletons
  3 hounds
  37 orc wizards
  A gnoll shaman (D:3)
  3 iguanas
  14 hell rats
  A lightning spire (Zig:14)
  A porcupine zombie (Crypt:1)
  32 worker ants
  A naga skeleton (Crypt:2)
  A hound zombie (D:5)
  A hound skeleton (D:5)
  21 mummies
  A howler monkey skeleton (D:10)
  A howler monkey zombie (D:10)
  2 worker ant zombies
  18 gnolls
  A scorpion zombie (Crypt:2)
  16 adders
  2 river rats (Lair:2)
  4 shadow imps
  4 white imps
  4 ufetubi (Abyss:3)
  7 oozes
  A halfling skeleton (Crypt:2)
  3 worms
  2 adder skeletons (D:6)
  2 dart slugs
  7 leopard geckos
  107 orcs
  4 ball pythons
  6 giant cockroaches
  4 goblins
  15 hobgoblins
  9 jackals
  4 quokkas
  8 bats
  8 frilled lizards
  A giant cockroach zombie (Crypt:1)
  A hobgoblin zombie (Crypt:1)
  A jackal skeleton (Crypt:2)
  A jackal zombie (D:3)
  10 kobolds
  A leopard gecko skeleton (D:4)
  2 leopard gecko zombies
  2 quokka skeletons
  19 rats
  16 crawling corpses
  6 fire vortices (Zig:8)
  2 fungi
  A lurking horror (Abyss:3)
  12 plants
  16 starspawn tentacles
  3 tentacles (Abyss:4)
  7 withered plants (Crypt:3)
4005 creatures vanquished.

Vanquished Creatures (collateral kills)
  A juggernaut (Zig:25)
  An acid blob (Slime:5)
  3 azure jellies (Slime:5)
  2 ghost moths
  An emperor scorpion (Zig:14)
  A vault warden (Vaults:2)
  An ironheart preserver (Vaults:2)
  2 orc warlords (Zig:25)
  An entropy weaver (Zig:7)
  A deep elf annihilator (Elf:3)
  2 merfolk javelineers
  6 death oozes (Slime:5)
  3 merfolk impalers (Zig:24)
  A deep elf high priest (Elf:3)
  3 merfolk aquamancers (Zig:24)
  A satyr (Zig:24)
  2 naga sharpshooters (Zig:12)
  A shock serpent (Zig:10)
  2 sea snakes (Zig:24)
  3 harpies (Zig:13)
  2 cyclopes
  3 orb spiders
  3 fauns
  4 sirens
  5 moths of wrath (Zig:25)
  2 manticores
  4 water nymphs (Zig:24)
  2 naga magi (Zig:10)
  2 yaktaurs (Zig:12)
  21 merfolk
  A jumping spider (Zig:14)
  A wind drake (Zig:13)
  A hornet (shapeshifter) (Elf:3)
  2 snapping turtles
  A stone giant simulacrum (Vaults:2)
  4 water elementals
  A fire elemental (Zig:21)
  2 orc warriors (Zig:25)
  An orc priest (Zig:25)
  A crawling corpse (Elf:3)
101 creatures vanquished.

Vanquished Creatures (others)
  An Ice Fiend (Zig:19)
  6 deep elf master archers
  2 fire giants (Zig:21)
  A reaper (Zig:22)
  A green draconian (Zot:1)
  A deep elf death mage (Zig:22)
  A merfolk javelineer (Zig:27)
  A centaur warrior (Zig:27)
  A satyr (Zig:27)
  A thrashing horror (Zig:17)
  A vampire mage (Zig:22)
  A naga sharpshooter (Zig:27)
  A deep elf knight (Elf:3)
  A skeletal warrior (Crypt:1)
  A wizard (Depths:2)
  A deep elf mage (Elf:1)
  A naga mage (Snake:1)
  A centaur skeleton (D:15)
  3 yaktaurs
  A merfolk (Shoals:4)
  A polar bear (shapeshifter) (Zig:18)
  A hornet (D:15)
  A large abomination (Abyss:4)
  A water elemental (Zig:18)
  A naga (Depths:5)
  A boggart (Vaults:3)
  A bullfrog skeleton (D:9)
  A crawling corpse (Elf:2)
  6 fungi
  2 lurking horrors (Abyss:4)
  4 plants
  A spectral weapon (Zig:7)
  41 starspawn tentacles
  10 tentacles (Abyss:4)
  7 withered plants (Crypt:3)
107 creatures vanquished.

Grand Total: 4213 creatures vanquished

Notes
Turn   | Place    | Note
-------+----------+-------------------------------------------
     0 | D:1      | Arkorax the Deep Dwarf Gladiator began the quest for the Orb.
     0 | D:1      | Reached XP level 1. HP: 19/19 MP: 1/1
   147 | D:1      | Reached skill level 2 in Fighting
   232 | D:1      | Reached XP level 2. HP: 19/26 MP: 2/2
   717 | D:2      | Reached skill level 4 in Axes
   717 | D:2      | Reached XP level 3. HP: 16/33 MP: 3/3
  1088 | D:2      | Reached XP level 4. HP: 25/40 MP: 4/4
  1125 | D:2      | Reached skill level 4 in Dodging
  1140 | D:2      | HP: 11/40 [gnoll/club (2)]
  1373 | D:3      | Found a faded altar of an unknown god.
  1523 | D:3      | HP: 8/40 [orc priest/divine providence (10)]
  1529 | D:3      | Reached skill level 3 in Fighting
  1529 | D:3      | Reached skill level 5 in Axes
  1529 | D:3      | Reached XP level 5. HP: 41/49 MP: 5/5
  1713 | D:3      | Found a shimmering altar of Xom.
  1759 | D:3      | Noticed Anmu's ghost (amateur FoFi)
  1770 | D:3      | HP: 13/49 [Anmu's ghost (3)]
  1775 | D:3      | Killed Anmu's ghost
  1775 | D:3      | Reached skill level 1 in Armour
  1775 | D:3      | Reached XP level 6. HP: 43/56 MP: 6/6
  2137 | D:3      | Reached skill level 6 in Axes
  2173 | D:4      | Reached skill level 2 in Armour
  2190 | D:4      | Found Ysishob's Antique Weapon Shop.
  2257 | D:4      | Reached XP level 7. HP: 38/63 MP: 5/5
  2294 | D:4      | You fall through a shaft for 3 floors!
  2332 | D:6      | HP: 17/63 [ogre/giant spiked club (7)]
  2338 | D:6      | Reached skill level 4 in Fighting
  2338 | D:6      | Reached skill level 7 in Axes
  2338 | D:6      | Reached skill level 3 in Armour
  2575 | D:6      | HP: 19/66 [acid (6)]
  2592 | D:6      | Reached skill level 8 in Axes
  2592 | D:6      | Reached XP level 8. HP: 37/73 MP: 6/6
  2678 | D:6      | Reached skill level 4 in Armour
  2699 | D:5      | Entered Level 5 of the Dungeon
  2910 | D:5      | Found a deep blue altar of Sif Muna.
  2929 | D:5      | Found Zawkic's Book Boutique.
  3019 | D:5      | Found an iron altar of Okawaru.
  3075 | D:5      | Reached skill level 5 in Fighting
  3180 | D:5      | Reached skill level 9 in Axes
  3673 | D:4      | Found Sulukk's Gadget Shoppe.
  3689 | D:4      | Found a staircase to the Ecumenical Temple.
  3750 | Temple   | Entered the Ecumenical Temple
  3758 | Temple   | Became a worshipper of Makhleb the Destroyer
  3826 | D:4      | Found Fuut's Antique Armour Shoppe.
  3898 | D:4      | HP: 22/74 [ogre/giant club (14)]
  4003 | D:4      | Reached skill level 5 in Armour
  4132 | D:4      | Found Mocasirr's Assorted Antiques.
  4796 | D:7      | Gained mutation: You passively map the area around you. [Deep Dwarf growth]
  4796 | D:7      | Reached XP level 9. HP: 49/81 MP: 6/6
  4899 | D:8      | Reached * piety under Makhleb
  4899 | D:8      | Reached skill level 10 in Axes
  4916 | D:8      | Found a radiant altar of Vehumet.
  4940 | D:8      | HP: 20/82 [killer bee (5)]
  5017 | D:8      | Reached skill level 6 in Fighting
  5139 | D:8      | HP: 22/82 [orc warrior/halberd (13)]
  5189 | D:8      | Reached skill level 6 in Armour
  5228 | D:8      | Found a snail-covered altar of Cheibriados.
  5294 | D:8      | Found a deep blue altar of Sif Muna.
  5574 | D:8      | Reached skill level 11 in Axes
  5743 | D:9      | Noticed TZer0's ghost (novice OpTm)
  5767 | D:9      | HP: 23/85 [TZer0's ghost (5)]
  5772 | D:9      | HP: 9/85 [TZer0's ghost (4)]
  5778 | D:9      | HP: 23/85 [TZer0's ghost (5)]
  5784 | D:9      | Killed TZer0's ghost
  5788 | D:9      | Reached XP level 10. HP: 53/92 MP: 4/4
  5793 | D:9      | Reached skill level 7 in Armour
  5856 | D:9      | Reached ** piety under Makhleb
  5908 | D:9      | Reached skill level 7 in Fighting
  6061 | D:9      | Reached skill level 12 in Axes
  6413 | D:9      | Found a deep blue altar of Sif Muna.
  6539 | D:10     | Entered Level 10 of the Dungeon
  6627 | D:10     | Found a staircase to the Lair.
  6988 | D:10     | Reached skill level 8 in Armour
  7173 | D:11     | Reached skill level 13 in Axes
  7213 | D:11     | Noticed an ice dragon
  7213 | D:11     | Noticed an ice dragon
  7249 | D:11     | Noticed a brown ugly thing
  7256 | D:11     | Killed a brown ugly thing
  7257 | D:11     | Reached XP level 11. HP: 103/103 MP: 4/4
  7269 | D:11     | Reached skill level 8 in Fighting
  7295 | D:11     | Reached *** piety under Makhleb
  7318 | D:11     | Noticed a hill giant
  7325 | D:11     | Killed a hill giant
  7354 | D:11     | Killed an unseen horror
  7437 | D:11     | Found a runed door.
  7437 | D:11     | Found a runed door.
  7437 | D:11     | Noticed a fire dragon
  7438 | D:11     | Noticed a fire dragon
  7468 | D:11     | Noticed a hill giant
  7480 | D:11     | Killed a hill giant
  7480 | D:11     | Reached skill level 9 in Armour
  7485 | D:11     | Leszczynek: maybe not yet
  7485 | D:11     | Arkorax: ok
  7784 | D:11     | Noticed a deep troll earth mage
  7784 | D:11     | Noticed a deep troll shaman
  7784 | D:11     | Noticed a deep troll
  7785 | D:11     | Noticed a deep troll
  7786 | D:11     | Noticed a deep troll earth mage
  7786 | D:11     | Noticed a deep troll
  7789 | D:11     | Leszczynek: XD
  7789 | D:11     | Leszczynek: well
  7789 | D:11     | Leszczynek: that's some impressive ood spawn
  7815 | D:12     | Killed a deep troll
  7815 | D:12     | Reached skill level 14 in Axes
  7889 | D:12     | Reached **** piety under Makhleb
  7978 | D:12     | Noticed a hill giant
  7984 | D:12     | HP: 19/104 [hill giant/giant spiked club (27)]
  8003 | D:12     | Killed an unseen horror
  8006 | D:12     | Killed a hill giant
  8025 | D:12     | Reached skill level 9 in Fighting
  8040 | D:12     | Noticed a hill giant
  8051 | D:12     | Killed a hill giant
  8056 | D:12     | Reached skill level 10 in Armour
  8083 | D:12     | Found a staircase to the Orcish Mines.
  8197 | D:12     | Reached skill level 15 in Axes
  8208 | D:12     | Found a white marble altar of Elyvilon.
  8240 | D:12     | Noticed a white ugly thing
  8253 | D:12     | Killed a white ugly thing
  8253 | D:12     | Reached XP level 12. HP: 114/114 MP: 2/2
  8314 | D:12     | Found Radacs's Armour Shop.
  9024 | Lair:1   | Entered Level 1 of the Lair of Beasts
  9024 | Lair:1   | Noticed Harold
  9063 | D:10     | Killed Harold
  9147 | Lair:1   | Noticed an eight-headed hydra
  9319 | D:6      | Gained mutation: You are partially covered in yellow scales. (AC +2) [potion of beneficial mutation]
  9448 | Lair:1   | Killed an eight-headed hydra
  9694 | Lair:1   | Noticed Gastronok
  9704 | Lair:1   | Killed Gastronok
  9704 | Lair:1   | Reached skill level 10 in Fighting
  9704 | Lair:1   | Reached skill level 11 in Armour
  9894 | Lair:1   | Got a pitted trident
  9895 | Lair:1   | Identified the +2 trident of Reagiroph {pierce, Int+5 SInv} (You found it on level 1 of the Lair of Beasts)
 10007 | Lair:1   | Noticed Promi's ghost (journeyman HuBe)
 10020 | Lair:1   | Killed Promi's ghost
 10198 | Lair:2   | Found a frozen archway.
 10258 | IceCv    | Entered an ice cave
 10384 | Lair:2   | Noticed a death yak
 10385 | Lair:2   | Noticed a death yak
 10386 | Lair:2   | Noticed a death yak
 10387 | Lair:2   | Noticed a death yak
 10389 | Lair:2   | Noticed a death yak
 10396 | Lair:2   | Killed a death yak
 10396 | Lair:2   | Reached ***** piety under Makhleb
 10403 | Lair:2   | Killed a death yak
 10406 | Lair:2   | Killed a death yak
 10409 | Lair:2   | Killed a death yak
 10409 | Lair:2   | Reached skill level 16 in Axes
 10413 | Lair:2   | Noticed a death yak
 10415 | Lair:2   | Killed a death yak
 10415 | Lair:2   | Reached XP level 13. HP: 100/124 MP: 3/3
 10449 | Lair:2   | Reached skill level 12 in Armour
 10940 | Lair:2   | P0WERM0DE: ;P
 10944 | Lair:2   | P0WERM0DE: deep trolls are hardcore
 10944 | Lair:2   | Arkorax: :(
 10944 | Lair:2   | P0WERM0DE: but death yak well
 10944 | Lair:2   | Arkorax: DD is shit
 10944 | Lair:2   | Arkorax: i killed 1 troll
 10944 | Lair:2   | Arkorax: hasted an mighted he was
 10965 | Lair:3   | Found a staircase to the Snake Pit.
 11063 | Lair:3   | Reached skill level 11 in Fighting
 11182 | Lair:3   | Noticed Fannar
 11198 | Lair:3   | Killed Fannar
 11845 | Lair:4   | Reached skill level 13 in Armour
 11890 | Lair:4   | Reached ****** piety under Makhleb
 12084 | Lair:4   | Found a staircase to the Shoals.
 12094 | Lair:4   | Reached skill level 12 in Fighting
 12142 | Lair:4   | Reached skill level 17 in Axes
 12204 | Lair:4   | Gained mutation: You resist negative energy. (rN+) [Deep Dwarf growth]
 12204 | Lair:4   | Reached XP level 14. HP: 138/138 MP: 4/4
 13128 | Lair:5   | Found a dark tunnel.
 13138 | Volcano  | Entered a volcano
 13276 | Volcano  | Found a burning altar of Makhleb.
 13326 | Volcano  | Learned a level 5 spell: Silence
 13369 | Lair:6   | Entered Level 6 of the Lair of Beasts
 13369 | Lair:6   | Found a viscous altar of Jiyva.
 13369 | Lair:6   | Found a staircase to the Slime Pits.
 13510 | Lair:6   | Reached skill level 14 in Armour
 13824 | Lair:6   | Reached skill level 13 in Fighting
 13846 | Lair:6   | Noticed Rupert
 13882 | Lair:6   | Killed Rupert
 14035 | Lair:6   | Reached skill level 18 in Axes
 14228 | Lair:6   | Reached XP level 15. HP: 103/148 MP: 5/5
 14873 | D:11     | Reached skill level 15 in Armour
 15697 | D:14     | P0WERM0DE: any good 1hand axes?
 15697 | D:14     | Arkorax: nope
 15697 | D:14     | Arkorax: only this
 15871 | D:14     | Found a gate to the Vaults.
 16479 | D:14     | P0WERM0DE: just stay 2handed
 16479 | D:14     | P0WERM0DE: apt is also good for exec
 16479 | D:14     | P0WERM0DE: and str for armor
 16479 | D:14     | Arkorax: alright
 16479 | D:14     | Arkorax: i want lich form castable
 16479 | D:14     | Arkorax: and try to do a zig
 16502 | D:15     | Entered Level 15 of the Dungeon
 16515 | D:15     | P0WERM0DE: yea nice
 16515 | D:15     | Arkorax: hmm
 16515 | D:15     | Arkorax: rebrand
 16515 | D:15     | Arkorax: yea
 16516 | D:15     | P0WERM0DE: ~~
 16516 | D:15     | P0WERM0DE: is it trunk or 0.18?
 16516 | D:15     | Arkorax: i have a nother identical axe
 16516 | D:15     | Arkorax: trunk
 16516 | D:15     | P0WERM0DE: haste got removed
 16516 | D:15     | P0WERM0DE: you noticed?
 16516 | D:15     | Arkorax: gotta reload
 16516 | D:15     | P0WERM0DE: id do zig in 0.19
 16516 | D:15     | Arkorax: its a sad day for all :(
 16524 | D:15     | P0WERM0DE: youll have to use haste wand all the time
 16538 | D:15     | Arkorax: yea
 16538 | D:15     | Arkorax: ill try
 16545 | D:15     | Found an ancient bone altar of Kikubaaqudgha.
 16558 | D:15     | P0WERM0DE: kk
 16565 | D:15     | P0WERM0DE: also no decks
 16716 | D:11     | Arkorax: wtf
 16716 | D:11     | Arkorax: there were 2 groups
 16716 | D:11     | Arkorax: of deep trols
 16908 | D:15     | Reached skill level 14 in Fighting
 16919 | D:15     | Found a shadowy altar of Dithmenos.
 17101 | D:15     | Found a staircase to the Depths.
 17359 | Orc:1    | Entered Level 1 of the Orcish Mines
 17768 | Orc:1    | Arkorax: nice orc generation haha
 17985 | Orc:2    | Entered Level 2 of the Orcish Mines
 17985 | Orc:2    | Found a staircase to the Elven Halls.
 18016 | Orc:2    | P0WERM0DE: yep
 18046 | Orc:2    | Noticed an orc warlord
 18071 | Orc:2    | Killed an orc warlord
 18071 | Orc:2    | Reached skill level 16 in Armour
 18075 | Orc:2    | Reached skill level 19 in Axes
 18082 | Orc:2    | Found a roughly hewn altar of Beogh.
 18090 | Orc:2    | Found Vaag's Antique Armour Shoppe.
 18110 | Orc:2    | Arkorax: lmao
 18373 | Orc:2    | Found Dedain's Book Shoppe.
 18388 | Orc:2    | Found Rynawk's Antique Weapon Shoppe.
 18402 | Orc:2    | P0WERM0DE: do you need to buy shield of resistance?
 18405 | Orc:2    | Found Loegruets's General Store.
 18413 | Orc:2    | P0WERM0DE: or got alrdy
 18413 | Orc:2    | Arkorax: need to kill 3 dragons
 18430 | Orc:2    | Bought a dazzling ice dragon armour for 1485 gold pieces
 18432 | Orc:2    | P0WERM0DE: gl
 18432 | Orc:2    | Arkorax: pls lord RNGesus be good
 18442 | Orc:2    | Identified the +7 ice dragon armour of the Guilds {rF- rC++ Str+6 Int-3} (You bought it in a shop on level 2 of the Orcish Mines)
 18442 | Orc:2    | Arkorax: yuss
 18442 | Orc:2    | P0WERM0DE: yea good enough
 18524 | Orc:2    | P0WERM0DE: just need rF
 18638 | Orc:2    | P0WERM0DE: btw id pump int for zig
 18641 | Orc:2    | P0WERM0DE: or dex
 18641 | Orc:2    | P0WERM0DE: not str
 18641 | Orc:2    | P0WERM0DE: ^^
 18641 | Orc:2    | Arkorax: yea
 18641 | Orc:2    | Arkorax: ill go int
 18712 | Orc:2    | P0WERM0DE: why 6??
 18712 | Orc:2    | Arkorax: or i wont zigg
 18712 | Orc:2    | Arkorax: idk
 18712 | Orc:2    | P0WERM0DE: ah kk
 18712 | Orc:2    | P0WERM0DE: -3
 18720 | Orc:2    | Noticed an orc warlord
 18732 | Orc:2    | Killed an orc warlord
 18819 | Orc:2    | Arkorax: shit
 18819 | Orc:2    | P0WERM0DE: if you wanna zig ever id say DD is your best bet ;P
 18819 | Orc:2    | Arkorax: snake wiuthout rPois
 18819 | Orc:2    | Arkorax: or shoals
 19226 | D:4      | Bought a glowing plate armour for 667 gold pieces
 19238 | D:4      | Arkorax: damn
 19238 | D:4      | Arkorax: not rPois
 19470 | Snake:1  | Entered Level 1 of the Snake Pit
 19474 | Snake:1  | Reached XP level 16. HP: 153/160 MP: 6/6
 19543 | Snake:1  | Noticed Nikola
 19559 | Snake:1  | Killed Nikola
 19735 | Snake:1  | Noticed Aizul
 19749 | Snake:1  | Killed Aizul
 19771 | Snake:1  | Noticed Frances
 19792 | Snake:1  | Killed Frances
 20111 | Snake:1  | P0WERM0DE: ^^
 20140 | Snake:2  | Arkorax: pretty bad
 20148 | Snake:2  | P0WERM0DE: did you just tab nikola withur rElec?
 20151 | Snake:2  | Arkorax: yea
 20151 | Snake:2  | Arkorax: ;p
 20167 | Snake:2  | P0WERM0DE: lol ;P
 20374 | Snake:2  | Arkorax: ooh
 20374 | Snake:2  | Arkorax: o got that
 20374 | Snake:2  | Arkorax: so maybe
 20374 | Snake:2  | Arkorax: casting is possible
 20374 | Snake:2  | P0WERM0DE: nice
 20374 | Snake:2  | Arkorax: yea
 20374 | Snake:2  | P0WERM0DE: best hat
 20374 | Snake:2  | Arkorax: really?
 20426 | Lair:3   | P0WERM0DE: ;P
 20431 | Lair:3   | P0WERM0DE: i like it
 20550 | Snake:1  | Arkorax: give ac ;p
 20577 | Snake:2  | Reached skill level 15 in Fighting
 20693 | Snake:2  | Noticed Jorgrun
 20706 | Snake:2  | Killed Jorgrun
 20721 | Snake:2  | Reached skill level 17 in Armour
 20866 | Snake:2  | P0WERM0DE: nikola + jorgrun tabbed fearlessly
 20919 | Snake:2  | P0WERM0DE: ;P
 20925 | Snake:2  | Arkorax: ;p
 20925 | Snake:2  | P0WERM0DE: do you have rF- ?
 21361 | Snake:3  | Arkorax: gg
 21361 | Snake:3  | Arkorax: nope
 21451 | Snake:3  | Reached skill level 20 in Axes
 21658 | Snake:3  | Reached XP level 17. HP: 107/170 MP: 7/7
 22279 | Snake:3  | Flanowski: Dont tabstorm yourself mate !
 22299 | Snake:3  | Arkorax: did that many times ;p
 22299 | Snake:3  | Identified the +6 chain mail of Zemeikh {SInv} (You found it on level 3 of the Snake Pit)
 22300 | Snake:3  | Arkorax: hopefully not this time
 22300 | Snake:3  | Arkorax: gear is good
 22340 | Snake:4  | Entered Level 4 of the Snake Pit
 22453 | Snake:4  | Flanowski: :> Good, hoping for tomb rush with your dmg shaving. Its always cool to watch the loot
 22457 | Snake:4  | Arkorax: will try extended :(
 22457 | Snake:4  | Arkorax: +:)
 22719 | Snake:4  | Reached skill level 18 in Armour
 22736 | Snake:4  | Arkorax: worst vault tho
 22743 | Snake:4  | Reached skill level 16 in Fighting
 22823 | Snake:4  | Reached skill level 5 in Dodging
 22856 | Snake:4  | Flanowski: V5 was a piece of cake with EE, descend and shatterspam = win
 22860 | Snake:4  | Arkorax: yea
 22860 | Snake:4  | Arkorax: i had a DDEE
 22860 | Snake:4  | Arkorax: that had shatter castable at the end of lair
 22860 | Snake:4  | Arkorax: and i starved myself
 22860 | Snake:4  | Arkorax: was fun tho
 23010 | Snake:4  | Arkorax: shit
 23019 | Snake:4  | Reached skill level 6 in Dodging
 23058 | Snake:4  | P0WERM0DE: why dont you have servants
 23058 | Snake:4  | Gained mutation: You passively map a large area around you. [Deep Dwarf growth]
 23058 | Snake:4  | Reached XP level 18. HP: 116/183 MP: 2/7
 23071 | Snake:4  | P0WERM0DE: invo+3
 23074 | Snake:4  | Arkorax: eh
 23074 | Snake:4  | P0WERM0DE: easy for vaults
 23074 | Snake:4  | Arkorax: i use mak for the heals
 23081 | Snake:4  | Got a serpentine rune of Zot
 23276 | Snake:4  | Arkorax: V next
 23276 | Snake:4  | P0WERM0DE: ;P
 23485 | Snake:4  | Reached skill level 7 in Dodging
 23514 | Snake:4  | P0WERM0DE: go hall of blades
 23514 | Snake:4  | P0WERM0DE: for exec axe
 23514 | Snake:4  | Arkorax: alright
 23535 | Snake:4  | P0WERM0DE: got pondering for MR
 23535 | Snake:4  | Arkorax: will prob get every other weapon
 23535 | Snake:4  | Arkorax: except exe
 23649 | Snake:4  | Noticed cortexin's ghost (adept TrFi)
 23664 | Snake:4  | P0WERM0DE: yea maybe
 23666 | Snake:4  | Killed cortexin's ghost
 23666 | Snake:4  | Reached skill level 21 in Axes
 23710 | Snake:4  | P0WERM0DE: but a vamp battle would also help
 23748 | Snake:4  | Arkorax: yea
 23748 | Snake:4  | Arkorax: this ida good for engame?
 23839 | Lair:2   | P0WERM0DE: sure if you can get rF
 23961 | D:12     | Arkorax: alright
 23976 | D:12     | Bought a +0 cloak of magic resistance for 149 gold pieces
 23976 | D:12     | P0WERM0DE: but prob youll get better then
 24027 | Elf:1    | Entered Level 1 of the Elven Halls
 24028 | Elf:1    | P0WERM0DE: but decent you can save your EA scrolls
 24028 | Elf:1    | Arkorax: alright
 24158 | Elf:1    | Reached skill level 1 in Invocations
 24171 | Elf:1    | Noticed an Ice Fiend
 24188 | Elf:1    | Reached skill level 2 in Invocations
 24232 | Elf:1    | Reached skill level 3 in Invocations
 24283 | Elf:1    | Reached skill level 8 in Dodging
 24402 | Elf:1    | Identified the Incunabulum of Darkness
 24420 | Elf:1    | Learned a level 6 spell: Death Channel
 24650 | Elf:1    | Reached skill level 4 in Invocations
 24819 | Elf:2    | Noticed Saint Roka
 24822 | Elf:2    | Noticed Louise
 24833 | Elf:2    | Killed Louise
 24859 | Elf:2    | Killed Saint Roka
 24859 | Elf:2    | Reached skill level 5 in Invocations
 24865 | Elf:2    | HP: 52/183 [deep elf death mage/bolt of negative energy (4)]
 24873 | Elf:2    | HP: 54/183 [orc warrior/battleaxe[Saint Roka] (13)]
 24908 | Elf:2    | Found Dufet's Assorted Antiques.
 24988 | Elf:2    | Found Zitielucw's Assorted Antiques.
 25110 | Elf:2    | Found Caycw's Weapon Emporium.
 25167 | Elf:2    | Reached skill level 9 in Dodging
 25176 | Elf:2    | Found a huge runed gate.
 25176 | Elf:2    | Found a huge runed gate.
 25176 | Elf:2    | Found a huge runed gate.
 25392 | Elf:2    | Reached skill level 6 in Invocations
 25467 | Elf:2    | Reached skill level 17 in Fighting
 25647 | Elf:2    | Arkorax: man
 25647 | Elf:2    | Arkorax: i bet you theres a triple sword here
 25699 | Elf:2    | Reached skill level 7 in Invocations
 25798 | Elf:2    | P0WERM0DE: eveningstar and qb ;P
 25798 | Elf:2    | Arkorax: what
 25798 | Elf:2    | P0WERM0DE: well
 25798 | Elf:2    | Arkorax: :(
 25803 | Elf:2    | Arkorax: E3?
 25803 | Elf:2    | Arkorax: or v?
 25803 | Elf:2    | P0WERM0DE: nah
 25960 | Vaults:1 | Entered Level 1 of the Vaults
 25980 | Vaults:1 | P0WERM0DE: not the way you play ;P
 26039 | Vaults:1 | Flanowski: V, E3 is to tough for now
 26039 | Vaults:1 | Arkorax: never died there ;p
 26041 | Vaults:1 | Reached XP level 19. HP: 175/193 MP: 12/12
 26091 | Vaults:1 | P0WERM0DE: would be easy with greater servant and careful play
 26091 | Vaults:1 | Arkorax: killhole ftw
 26091 | Vaults:1 | P0WERM0DE: but yea
 26226 | Vaults:1 | Reached skill level 10 in Dodging
 26226 | Vaults:1 | Flanowski: Archers there pack quite a punch
 26336 | Vaults:1 | Arkorax: yea
 26336 | Vaults:1 | P0WERM0DE: 38 ac is quite good tho
 26336 | Vaults:1 | P0WERM0DE: and 17 ev
 26336 | Vaults:1 | P0WERM0DE: you could do
 26336 | Vaults:1 | P0WERM0DE: if you killhole rly
 26336 | Vaults:1 | Arkorax: eh ill do v
 26336 | Vaults:1 | Arkorax: to 4
 26336 | Vaults:1 | Arkorax: and then elf
 26336 | Vaults:1 | Arkorax: and then shoals
 26336 | Vaults:1 | Flanowski: Thats good idea
 26336 | Vaults:1 | Arkorax: shoals hardest
 26336 | Vaults:1 | Flanowski: Crypt is pretty easy too
 26336 | Vaults:1 | Flanowski: esp for dwarf
 26336 | Vaults:1 | Arkorax: yea
 26336 | Vaults:1 | Arkorax: ill wait for second pip of rN
 26515 | Vaults:1 | Reached skill level 8 in Invocations
 26520 | Vaults:1 | Flanowski: Did you guys play ToMe ?
 26553 | Vaults:1 | P0WERM0DE: yea i did
 26593 | Vaults:1 | Flanowski: I cant force myself to play it
 26605 | Vaults:1 | P0WERM0DE: maybe like 10 wins
 26605 | Vaults:1 | Arkorax: nope i didnt
 26605 | Vaults:1 | Arkorax: had a computer that couldnt run it
 26624 | Vaults:1 | P0WERM0DE: i got the free versio only
 26639 | Vaults:1 | Reached skill level 9 in Invocations
 26668 | Vaults:1 | P0WERM0DE: dont know the new campaign/classes
 26750 | Vaults:1 | Flanowski: Ive got the steam one, it doesnt look appealing at all
 26816 | Vaults:1 | Flanowski: also there is no excitement and complexity of dcss imho
 26816 | Vaults:1 | Arkorax: i got most of my steam games on giveaways
 26816 | Vaults:1 | P0WERM0DE: its more complex in the end
 26816 | Vaults:1 | Arkorax: on reddit
 26816 | Vaults:1 | P0WERM0DE: what classes did you try?
 26816 | Vaults:1 | Arkorax: i have like 5 games i got for free
 26939 | Vaults:1 | Reached skill level 11 in Dodging
 27152 | Vaults:1 | Flanowski: I ran shadowblade, berserker and arcane swordsman up to lvl 25ish
 27242 | Vaults:1 | Reached skill level 10 in Invocations
 27281 | Vaults:1 | P0WERM0DE: k
 27295 | Vaults:1 | P0WERM0DE: well berserker and arcane blade are pretty good
 27307 | Vaults:1 | Reached skill level 22 in Axes
 27422 | Vaults:2 | Flanowski: Fights are quick and reepy if you dont care
 27510 | Vaults:2 | HP: 56/194 [skeletal warrior/halberd[a skeletal warrior] (13)]
 27513 | Vaults:2 | Flanowski: and im very reckless
 27515 | Vaults:2 | P0WERM0DE: you can get oneshotted there even endgame
 27515 | Vaults:2 | HP: 54/194 [skeletal warrior/halberd[a skeletal warrior] (27)]
 27523 | Vaults:2 | P0WERM0DE: if you play bad ;P
 27532 | Vaults:2 | P0WERM0DE: or have squishy class
 27559 | Vaults:2 | P0WERM0DE: or nightmare+
 27560 | Vaults:2 | Reached skill level 11 in Invocations
 27673 | Vaults:2 | Reached XP level 20. HP: 204/204 MP: 16/16
 27689 | Vaults:2 | P0WERM0DE: but yea berserker has unstoppable so
 27699 | Vaults:2 | P0WERM0DE: and arcane blade huge shield
 27699 | Vaults:2 | Arkorax: acquirement drop pls
 27894 | Vaults:2 | Reached skill level 12 in Dodging
 27923 | Vaults:2 | Flanowski: My aq scroll dropped +0 hat
 27928 | Vaults:2 | Arkorax: yea
 27928 | Vaults:2 | Flanowski: ask for axe drop ;P
 27928 | Vaults:2 | Arkorax: i got a +0 skin once
 28163 | Vaults:2 | Arkorax: this run is spicy
 28489 | Vaults:2 | Flanowski: Once i paid 2 aq for trove
 28489 | Vaults:2 | Flanowski: 2 antimagic rings
 28489 | Vaults:2 | Arkorax: dont do that pls
 28511 | Vaults:2 | Reached skill level 18 in Fighting
 28512 | Vaults:2 | Arkorax: trove is bad
 28664 | Vaults:2 | Flanowski: told ya, im bad, i usually try things out before reading them up
 28669 | Vaults:2 | Reached skill level 12 in Invocations
 28694 | Vaults:2 | Arkorax: yea same with me
 28694 | Vaults:2 | Arkorax: you learn from experience :)
 28792 | Vaults:2 | Arkorax: or in my case powermode
 28792 | Vaults:2 | Arkorax: he helped me get my first win haha
 28815 | Vaults:2 | Flanowski: But man, this EE today, i played it since the very morning in work
 28831 | Vaults:2 | Flanowski: i got attached
 28831 | Vaults:2 | Arkorax: attaching is bad haha
 28831 | Vaults:2 | Arkorax: i lost a bunch of characters in extended
 28831 | Vaults:2 | Arkorax: that i really liked
 28831 | Vaults:2 | Arkorax: and was mad for a few days
 28831 | Vaults:2 | Arkorax: now i dont really care ;p
 28970 | Vaults:3 | P0WERM0DE: yea i know that
 28982 | Vaults:3 | Flanowski: Ye, i usually am mad at DCSS for few days, but neither SoTs or DF can make up for it
 28988 | Vaults:3 | P0WERM0DE: on my OpMo^xom i died in zig i think
 28988 | Vaults:3 | P0WERM0DE: ^^
 28988 | Vaults:3 | P0WERM0DE: sometimes i get mad too but rarely
 28988 | Vaults:3 | Arkorax: powermode remeber my first win?
 28988 | Vaults:3 | Arkorax: where i almost died on orbrun
 28988 | Vaults:3 | Arkorax: to a elephant
 29053 | Vaults:3 | Found Axuas's Armour Boutique.
 29061 | Vaults:3 | P0WERM0DE: yea i think so ;P
 29061 | Vaults:3 | Arkorax: those were the good times
 29061 | Vaults:3 | Arkorax: haha
 29064 | Vaults:3 | Flanowski: There's your neg ding
 29074 | Vaults:3 | Arkorax: nah
 29074 | Vaults:3 | P0WERM0DE: also wondering you played more careful for some time didnt you?
 29074 | Vaults:3 | Arkorax: DD gets rN+++
 29074 | Vaults:3 | P0WERM0DE: a little
 29074 | Vaults:3 | Arkorax: yea
 29113 | Vaults:3 | Flanowski: oh, never got too far with dd
 29116 | Vaults:3 | Found Zoidaryzxe's Assorted Antiques.
 29132 | Vaults:3 | P0WERM0DE: yea well DD doesnt need to indeed
 29158 | Vaults:3 | P0WERM0DE: its easiest species
 29159 | Vaults:3 | P0WERM0DE: with makh at least
 29159 | Vaults:3 | Arkorax: desolation wprth iut
 29159 | Vaults:3 | Flanowski: Is it, i find Mi the easiest one
 29159 | Vaults:3 | Arkorax: *worth it
 29159 | Vaults:3 | Bought 2 scrolls labeled XUR FISUAGAIDE for 52 gold pieces
 29159 | Vaults:3 | Flanowski: at leats in early game
 29164 | Vaults:3 | P0WERM0DE: well mi is easy too
 29172 | Vaults:3 | P0WERM0DE: but DD got the wand
 29188 | Vaults:3 | P0WERM0DE: and is more tnky and versatile
 29219 | Vaults:3 | P0WERM0DE: mi just got headbutt
 29229 | Vaults:3 | Found Oleogan's Distillery.
 29232 | Vaults:3 | Flanowski: ViTm is easy as hell till you get to midgame
 29270 | Vaults:3 | Found a ruined gateway.
 29279 | Desolati | Entered the Desolation of Salt
 29280 | Desolati | Flanowski: but its so squishy it hurts
 29280 | Desolati | Arkorax: lets do this boyz
 29291 | Desolati | P0WERM0DE: Vs rly needs to train defs more than others
 29311 | Desolati | P0WERM0DE: although its -2
 29335 | Desolati | P0WERM0DE: then its easy and strong
 29365 | Desolati | Flanowski: But with double health bar
 29366 | Desolati | Arkorax: damn wowo
 29367 | Desolati | Flanowski: i love Vi
 29369 | Desolati | Identified the amulet of Ivur {Spirit rElec rPois rF+ MR-} (You found it in the Desolation of Salt)
 29370 | Desolati | Arkorax: zusss
 29370 | Desolati | Arkorax: nooo
 29370 | Desolati | P0WERM0DE: nice
 29370 | Desolati | Arkorax: spirit
 29370 | Desolati | Arkorax: on DD
 29370 | Desolati | Arkorax: gives perma mana 0
 29374 | Desolati | P0WERM0DE: ah yea true
 29386 | Desolati | P0WERM0DE: you could learn sublimation ;P
 29396 | Desolati | P0WERM0DE: to refill mp
 29396 | Desolati | Arkorax: id rather not haha
 29538 | Desolati | Reached skill level 13 in Dodging
 29611 | Desolati | Reached skill level 13 in Invocations
 29661 | Desolati | Got a bound lead ring
 29663 | Desolati | Identified the ring "Woynieph" {Wiz MR++ Int+4 Stlth-} (You found it in the Desolation of Salt)
 29664 | Desolati | P0WERM0DE: !!
 29664 | Desolati | Arkorax: damn
 29664 | Desolati | Arkorax: wow
 29664 | Desolati | Flanowski: wow
 29666 | Desolati | P0WERM0DE: very good
 29666 | Desolati | Arkorax: i wont use it
 29666 | Desolati | P0WERM0DE: too bad haste is gone ;P
 29666 | Desolati | Arkorax: for now
 29666 | Desolati | Flanowski: I'd sacrifice my firstborn for that one
 29668 | Desolati | Arkorax: lol
 29668 | Desolati | P0WERM0DE: lol
 29682 | Desolati | Identified the Collected Works on Creative Transmutation
 29683 | Desolati | Arkorax: it gets better
 29814 | Desolati | Flanowski: After my garbage T3 i lost my hope for items
 29844 | Desolati | P0WERM0DE: t3?
 29876 | Desolati | Flanowski: Tomb
 29908 | Desolati | P0WERM0DE: ah k
 29911 | Desolati | Got a translucent wooden ring
 29913 | Desolati | Identified the ring of Uskayaw's Reproof {rF- Str+6 Int+5 Slay+3} (You found it in the Desolation of Salt)
 29914 | Desolati | Arkorax: daaaaaaaaaaaaaammmmnnn
 29914 | Desolati | Flanowski: only thing i got there was crystal spear book
 29914 | Desolati | Arkorax: all the int
 29914 | Desolati | P0WERM0DE: now you need different armor
 29915 | Desolati | P0WERM0DE: yea thats good for zigg
 29917 | Desolati | P0WERM0DE: take all those with you man
 29917 | Desolati | P0WERM0DE: ^^
 29917 | Desolati | Arkorax: and all the rF-
 29917 | Desolati | Arkorax: got all of em
 29917 | Desolati | P0WERM0DE: yep
 29917 | Desolati | Flanowski: Or just stash it
 29957 | Desolati | P0WERM0DE: yea thats what i mean, outta this thing at least
 29957 | Desolati | Arkorax: i dotn make stashes anymore haha
 29995 | Desolati | P0WERM0DE: so you got options
 30119 | Vaults:3 | Found a staircase to the Crypt.
 30120 | Vaults:3 | P0WERM0DE: the wiz and +int str slay ring
 30129 | Vaults:3 | P0WERM0DE: both decent
 30145 | Vaults:3 | Arkorax: yea
 30145 | Vaults:3 | P0WERM0DE: but i wouldnt do vaults with rF- now
 30145 | Vaults:3 | Arkorax: i got normal rF
 30417 | Vaults:3 | Found Zyiga's Gadget Shoppe.
 30418 | Vaults:3 | P0WERM0DE: yea but if you wear the other ring
 30427 | Vaults:3 | P0WERM0DE: not
 30437 | Vaults:3 | Reached XP level 21. HP: 210/213 MP: 19/19
 30442 | Vaults:3 | Arkorax: for now
 30442 | Vaults:3 | Arkorax: id rather have the EV
 30588 | Vaults:3 | P0WERM0DE: good choice
 30610 | Vaults:3 | Arkorax: yea
 30610 | Vaults:3 | Arkorax: ty
 30757 | Vaults:3 | Paralysed by a hornet for 3 turns
 30909 | Vaults:3 | Found Pommovas's Book Boutique.
 30917 | Vaults:3 | Arkorax: aw zis
 30917 | Vaults:3 | Arkorax: lichform
 31141 | Vaults:4 | Arkorax: nooooooo
 31256 | Vaults:4 | Noticed Mara
 31268 | Vaults:4 | Noticed Arkorax's illusion
 31269 | Vaults:4 | Killed Mara
 31269 | Vaults:4 | Reached skill level 1 in Spellcasting
 31280 | Vaults:4 | Arkorax: lol
 31280 | Vaults:4 | Arkorax: mara
 31280 | Vaults:4 | Arkorax: weak af
 31282 | Vaults:4 | P0WERM0DE: ;)
 31403 | Vaults:4 | P0WERM0DE: DD strong af
 31403 | Vaults:4 | Arkorax: yea
 31403 | Vaults:4 | Arkorax: not early
 31405 | Vaults:4 | Noticed Margery
 31423 | Vaults:4 | P0WERM0DE: just the best aptitudes from all species
 31431 | Vaults:4 | Killed Margery
 31431 | Vaults:4 | Reached skill level 2 in Spellcasting
 31436 | Vaults:4 | P0WERM0DE: overall
 31456 | Vaults:4 | Reached skill level 14 in Dodging
 31573 | Vaults:4 | Noticed Xtahua
 31589 | Vaults:4 | Killed Xtahua
 31645 | Vaults:4 | Arkorax: still waiting for mah exe axe
 31646 | Vaults:4 | P0WERM0DE: dang only 2x blinking
 31709 | Vaults:4 | Flanowski: Is it worth to refill wand with your hp ?
 31757 | Vaults:4 | P0WERM0DE: mp
 31757 | Vaults:4 | Arkorax: yea
 31757 | Vaults:4 | Flanowski: I know, alive is better than dead but it kinda sucks to even try
 31803 | Vaults:4 | Reached skill level 19 in Armour
 31951 | Vaults:4 | P0WERM0DE: sure do that all the time
 31973 | Vaults:4 | Reached skill level 3 in Spellcasting
 31983 | Vaults:4 | P0WERM0DE: heal wand at least and teleport
 32054 | Vaults:4 | P0WERM0DE: did you search for axes arko?
 32054 | Vaults:4 | Flanowski: Oh, i always tried all other means of surviving
 32054 | Vaults:4 | P0WERM0DE: vamp would really help, broadaxe too
 32054 | Vaults:4 | Arkorax: does DD get rN+++?
 32054 | Vaults:4 | P0WERM0DE: hmm kk
 32058 | Vaults:4 | P0WERM0DE: demoon blade ;P
 32058 | Vaults:4 | P0WERM0DE: not bad
 32058 | Vaults:4 | Arkorax: bo
 32058 | Vaults:4 | Arkorax: no
 32058 | Vaults:4 | Arkorax: its long sword
 32077 | Vaults:4 | P0WERM0DE: eh yea i think itll get
 32183 | Vaults:4 | Reached skill level 19 in Fighting
 32184 | Vaults:4 | Arkorax: alright ty
 32258 | Vaults:4 | Arkorax: rF ;p
 32322 | Vaults:4 | P0WERM0DE: ~~
 32380 | Vaults:4 | Reached skill level 4 in Spellcasting
 32893 | Elf:3    | Entered Level 3 of the Elven Halls
 32984 | Elf:3    | Noticed Bai Suzhen
 33001 | Elf:3    | Flanowski: wiki says its At level 14, gain Life Protection 1. mothing more
 33005 | Elf:3    | Killed Bai Suzhen
 33022 | Elf:3    | Arkorax: damn
 33022 | Elf:3    | P0WERM0DE: ??deep dwarf
 33022 | Elf:3    | Arkorax: i tought it was full rN
 33022 | Elf:3    | beem: deep dwarf[1/4]: Great apts including armour, dodging, stealth, necromancy, earth magic, and über AC-like damage shaving. They don't heal, at all -- except by an act of god, potions, wands, vampiric weapons or necromancy. They start with one level of passive mapping (and gain another level at xl 9 and xl 18), and gain rN+ at xl 14.
 33022 | Elf:3    | Arkorax: man
 33042 | Elf:3    | P0WERM0DE: yea k
 33163 | Elf:3    | Arkorax: rip extended
 33163 | Elf:3    | Arkorax: well
 33163 | Elf:3    | P0WERM0DE: ??deep dwarf[2
 33163 | Elf:3    | beem: deep dwarf[2/4]: Damage shaved = 1d(1+1d(1+XL/3)). Damage shaving affects just about everything, including poison and torment, and even damnation!
 33163 | Elf:3    | Arkorax: i mightt as well quit
 33163 | Elf:3    | P0WERM0DE: ??deep dwarf[3
 33163 | Elf:3    | beem: regeneration[5/8]: If a character cannot regenerate passively (this means DD or bloodless Vp or any character with slow healing 3), items or spells that increase regeneration rate won't help. Trog's Hand will though!
 33163 | Elf:3    | P0WERM0DE: ??deep dwarf[4
 33163 | Elf:3    | beem: dd guide[1/1]: Worship Makhleb. Use the wand of heal wounds to heal. If it runs low on charges, recharge it.
 33163 | Elf:3    | Arkorax: lets quit
 33163 | Elf:3    | P0WERM0DE: :Ü
 33163 | Elf:3    | Arkorax: jk
 33301 | Elf:3    | Reached XP level 22. HP: 138/225 MP: 20/20
 33305 | Elf:3    | Reached skill level 15 in Dodging
 33305 | Elf:3    | P0WERM0DE: ~~
 33307 | Elf:3    | Arkorax: wat
 33307 | Elf:3    | Arkorax: hahaha
 33307 | Elf:3    | Flanowski: kek
 33315 | Elf:3    | Arkorax: hell sentinels
 33315 | Elf:3    | Arkorax: ew
 33541 | Elf:3    | P0WERM0DE: yea tabbing with 3 demonologists on screen
 33547 | Elf:3    | P0WERM0DE: good plan
 33547 | Elf:3    | Arkorax: ikr
 33564 | Elf:3    | P0WERM0DE: summon ice fiend > torment > iron shot > ded
 33567 | Elf:3    | P0WERM0DE: ;P
 33576 | Elf:3    | Arkorax: like that Fo
 33576 | Elf:3    | Arkorax: rip sweet prince
 33601 | Elf:3    | P0WERM0DE: youll get exe axe here i know it
 33604 | Elf:3    | Arkorax: he backed off
 33604 | Elf:3    | P0WERM0DE: k at least randart battleaxe
 33604 | Elf:3    | Arkorax: fucker
 33604 | Elf:3    | Flanowski: Ill try going dd of pakellas tfro wand upgrade and switch to makleb
 33608 | Elf:3    | Reached skill level 5 in Spellcasting
 33611 | Elf:3    | Arkorax: thats a decent planm
 33615 | Elf:3    | P0WERM0DE: whats pak wrath?
 33630 | Elf:3    | HP: 65/225 [ghostly deep elf high priest/a malign offering (9)]
 33630 | Elf:3    | P0WERM0DE: for pak you have to play 0.18 tho
 33632 | Elf:3    | P0WERM0DE: its removed in trunk
 33632 | Elf:3    | Flanowski: I play latest
 33633 | Elf:3    | Flanowski: oh
 33634 | Elf:3    | Flanowski: is it ? i didnt know
 33637 | Elf:3    | P0WERM0DE: yea
 33709 | Elf:3    | Found Zoiseif's Weapon Boutique.
 33828 | Elf:3    | P0WERM0DE: you can also play pak full game
 33831 | Elf:3    | P0WERM0DE: just a little weaker
 33831 | Elf:3    | Arkorax: makhleb daddy
 33831 | Elf:3    | P0WERM0DE: but works
 33902 | Elf:3    | Got an encrusted battleaxe {pain}
 33903 | Elf:3    | Identified the +5 battleaxe of Proximity {pain, rPois rN+ Dex+4} (You took it off a deep elf death mage on level 3 of the Elven Halls)
 33908 | Elf:3    | Arkorax: well
 33908 | Elf:3    | Arkorax: necro we train
 33922 | Elf:3    | Flanowski: Ye, but most wands suck late tbh
 33971 | Elf:3    | Flanowski: and you can upgrade only one which is basically the point of pak
 34003 | Elf:3    | Arkorax: exe axe?
 34010 | Elf:3    | P0WERM0DE: so sik how you leave all those items behind ;P
 34021 | Elf:3    | P0WERM0DE: summons scrolls etc
 34028 | Elf:3    | Identified The Arcane Secrets of Magic
 34033 | Elf:3    | P0WERM0DE: pretty good man
 34208 | Elf:3    | P0WERM0DE: and unid scroll too m
 34208 | Elf:3    | Arkorax: yea
 34208 | Elf:3    | Arkorax: was fear
 34208 | Elf:3    | P0WERM0DE: ;PP
 34208 | Elf:3    | Identified the ring "Rady" {rF+++ MR+++ Dex-4 Slay+4 Stlth-} (You took it off a deep elf annihilator on level 3 of the Elven Halls)
 34209 | Elf:3    | P0WERM0DE: isnt there another one?
 34209 | Elf:3    | Arkorax: oh daddy
 34209 | Elf:3    | P0WERM0DE: might be too fast to foloow
 34209 | Elf:3    | P0WERM0DE: yay man
 34209 | Elf:3    | Arkorax: LOOK AT THAT
 34211 | Elf:3    | P0WERM0DE: esp what you needed
 34211 | Elf:3    | Arkorax: Rady is my anus
 34211 | Elf:3    | P0WERM0DE: now the -rf ring too
 34214 | Elf:3    | P0WERM0DE: and pump dex
 34214 | Elf:3    | Arkorax: yea
 34703 | Shoals:1 | Entered Level 1 of the Shoals
 34704 | Shoals:1 | Arkorax: train necro for axe?
 34704 | Shoals:1 | P0WERM0DE: if you wanna go necromut anyway
 34704 | Shoals:1 | Arkorax: yea
 34704 | Shoals:1 | P0WERM0DE: could learn death channel if you have?
 34704 | Shoals:1 | P0WERM0DE: its good alrdy now and in depths
 34704 | Shoals:1 | Arkorax: got it already
 34704 | Shoals:1 | P0WERM0DE: /zot
 34757 | Shoals:1 | Noticed Tekks's ghost (adept HOFi)
 34762 | Shoals:1 | Reached skill level 1 in Necromancy
 34782 | Shoals:1 | Killed Tekks's ghost
 34832 | Shoals:1 | Arkorax: yea
 34832 | Shoals:1 | Arkorax: deathc is always good :)
 34851 | Shoals:1 | Reached skill level 2 in Necromancy
 34866 | Shoals:1 | Reached skill level 6 in Spellcasting
 34916 | Shoals:1 | P0WERM0DE: do you have a new RC?
 34916 | Shoals:1 | Arkorax: now i just pump dex as you said
 34916 | Shoals:1 | Arkorax: and im golden
 34916 | Shoals:1 | Arkorax: also exe axe
 35035 | Shoals:1 | Reached skill level 3 in Necromancy
 35373 | Shoals:2 | Flanowski: Gosh i hate shoals
 35384 | Shoals:2 | Reached skill level 4 in Necromancy
 35385 | Shoals:2 | Arkorax: same here
 35472 | Shoals:2 | Arkorax: worst part of the game
 35472 | Shoals:2 | P0WERM0DE: i did it as my first rune lately quite often ;P
 35472 | Shoals:2 | Arkorax: together with depths
 35546 | Shoals:2 | Flanowski: I cant cay say bout slime, cuz i never went past slime 1 haha
 35546 | Shoals:2 | Arkorax: i do this after depths sometimes
 35578 | Shoals:2 | P0WERM0DE: slime sux big time
 35592 | Shoals:2 | P0WERM0DE: hate acid blobs
 35687 | Shoals:3 | Arkorax: yea
 35687 | Shoals:3 | Arkorax: especially now
 35687 | Shoals:3 | Arkorax: when the walls colapse
 35799 | Shoals:3 | Reached skill level 5 in Necromancy
 35995 | Shoals:3 | Found a radiant altar of Vehumet.
 36175 | Shoals:4 | Entered Level 4 of the Shoals
 36219 | Shoals:4 | Flanowski: I need to run ash or clarity and then try slime. Learned it hard way
 36220 | Shoals:4 | Reached skill level 7 in Spellcasting
 36236 | Shoals:4 | Arkorax: nah
 36236 | Shoals:4 | Arkorax: you just need MR
 36274 | Shoals:4 | Reached skill level 6 in Necromancy
 36430 | Shoals:4 | P0WERM0DE: yea but MR++++
 36449 | Shoals:4 | P0WERM0DE: Mr+++ isnt rly enough vs confuse there
 36449 | Shoals:4 | Arkorax: got that covered haha
 36449 | Shoals:4 | Flanowski: Is it still a matter of rng with ++++ ?
 36449 | Shoals:4 | P0WERM0DE: yea ;P
 36457 | Shoals:4 | P0WERM0DE: DD anyway
 36481 | Shoals:4 | P0WERM0DE: not rly with 4 youre safe
 36482 | Shoals:4 | Got a steaming marble ring
 36484 | Shoals:4 | Identified the ring "Puarph" {rPois rN+ Str+4 Dex+3 SInv} (You took it off a merfolk on level 4 of the Shoals)
 36534 | Shoals:4 | P0WERM0DE: not against giant eyeball paralyze tho
 36556 | Shoals:4 | P0WERM0DE: those you just have to kill instantly
 36594 | Shoals:4 | Noticed Ilsuiw
 36599 | Shoals:4 | P0WERM0DE: they ignore MR
 36648 | Shoals:4 | Reached skill level 16 in Dodging
 36654 | Shoals:4 | Killed Ilsuiw
 36654 | Shoals:4 | Reached skill level 7 in Necromancy
 36655 | Shoals:4 | Arkorax: yea
 36793 | Shoals:4 | P0WERM0DE: but theyre a lot less worse now in trunk
 36870 | Shoals:4 | P0WERM0DE: need some turns till they can paralyze i think
 36878 | Shoals:4 | Reached skill level 8 in Spellcasting
 36898 | Shoals:4 | Got a barnacled rune of Zot
 37081 | Lair:1   | Arkorax: yea they suck
 37208 | Depths:1 | Entered Level 1 of the Depths
 37285 | Depths:1 | Reached XP level 23. HP: 232/232 MP: 22/22
 37299 | Depths:1 | Found Gaesed's Distillery.
 37301 | Depths:1 | Found Gazakecomp's Weapon Shoppe.
 37303 | Depths:1 | Found Yxor's Assorted Antiques.
 37362 | Depths:1 | Reached skill level 8 in Necromancy
 37565 | Depths:1 | Found a gateway to Hell.
 38154 | Vaults:3 | Bought a Necronomicon for 1545 gold pieces
 38163 | Vaults:3 | Learned a level 8 spell: Necromutation
 38433 | Depths:1 | Flanowski: Still not suck as much as orc priests early :)
 38491 | Depths:1 | Found a corrupted altar of Lugonu.
 38535 | Depths:1 | Arkorax: true haha
 38621 | Depths:2 | Found a gateway to a ziggurat.
 38643 | Depths:2 | Reached skill level 9 in Necromancy
 38758 | Depths:2 | Reached skill level 9 in Spellcasting
 38994 | Depths:2 | Found a one-way gate to the infinite horrors of the Abyss.
 39168 | Depths:2 | Reached skill level 10 in Necromancy
 39441 | Depths:3 | Flanowski: If noone did, you can kill my EE at Depths 4
 39452 | Depths:3 | Arkorax: ty haha
 39497 | Depths:3 | Noticed Sojobo
 39527 | Depths:3 | Killed Sojobo
 39529 | Depths:3 | Reached skill level 10 in Spellcasting
 39557 | Depths:3 | Found Gozag's Assorted Antiques.
 39557 | Depths:3 | Reached skill level 11 in Necromancy
 39565 | Depths:3 | Found an opulent altar of Gozag.
 39566 | Depths:3 | Found Gozag's Antique Weapon Shop.
 39665 | Depths:3 | Found Gozag's Antique Armour Shop.
 39867 | Depths:3 | Bought a pair of transparent gloves for 950 gold pieces
 39867 | Depths:3 | Identified the +0 pair of gloves of Miajiyl {rElec Dex+3} (You bought it in a shop on level 3 of the Depths)
 40042 | Depths:3 | Found a one-way gate leading to the halls of Pandemonium.
 40213 | Depths:3 | Found a deep blue altar of Sif Muna.
 40238 | Depths:3 | HP: 63/232 [hell knight/glaive of flaming[a boggart] (9)]
 40246 | Depths:3 | Reached skill level 17 in Dodging
 40246 | Depths:3 | Reached skill level 12 in Necromancy
 40717 | Depths:3 | Identified the amulet "Wycan" {Dismiss rF+} (You took it off a mummy priest on level 3 of the Depths)
 40819 | Depths:4 | Reached skill level 11 in Spellcasting
 40836 | Depths:4 | Reached XP level 24. HP: 242/242 MP: 25/25
 40959 | Depths:5 | Entered Level 5 of the Depths
 40970 | Depths:5 | Noticed Jory
 40993 | Depths:5 | Killed Jory
 41120 | Depths:5 | Reached skill level 13 in Necromancy
 41370 | Depths:5 | Arkorax: snake 4 all over agian
 41386 | Depths:5 | Reached skill level 12 in Spellcasting
 41791 | Depths:5 | Found a gate to the Realm of Zot.
 41811 | Depths:5 | Reached skill level 14 in Necromancy
 42215 | Depths:5 | Reached skill level 1 in Transmutations
 42263 | Depths:5 | Arkorax: i actually did it
 42263 | Depths:5 | P0WERM0DE: nie
 42263 | Depths:5 | P0WERM0DE: what now
 42263 | Depths:5 | Arkorax: well
 42263 | Depths:5 | Arkorax: V5
 42267 | Depths:5 | Arkorax: server is wierd today
 42287 | Depths:5 | Arkorax: v5 time
 42685 | Vaults:5 | Entered Level 5 of the Vaults
 42690 | Vaults:5 | Reached skill level 2 in Transmutations
 42698 | Vaults:5 | Reached skill level 3 in Transmutations
 42728 | Vaults:5 | Reached skill level 15 in Necromancy
 42738 | Vaults:5 | Reached skill level 4 in Transmutations
 42788 | Vaults:5 | Reached XP level 25. HP: 203/249 MP: 26/26
 42797 | Vaults:5 | Noticed an ancient lich
 42804 | Vaults:5 | Reached skill level 5 in Transmutations
 42812 | Vaults:5 | Killed an ancient lich
 42862 | Vaults:5 | Got a silver rune of Zot
 42863 | Vaults:5 | Flanowski: ez
 42863 | Vaults:5 | Arkorax: that was fast
 42876 | Vaults:5 | Arkorax: but ill full clear
 42876 | Vaults:5 | P0WERM0DE: yea char is strong
 42876 | Vaults:5 | Arkorax: need that xp
 42912 | Vaults:5 | P0WERM0DE: and axe
 42934 | Vaults:5 | Flanowski: I usually tp and killhole
 42934 | Vaults:5 | Arkorax: yea
 42934 | Vaults:5 | Flanowski: but who cares dd ftw
 42934 | Vaults:5 | Arkorax: i try to do 0 teleporting here
 42984 | Vaults:5 | Reached skill level 13 in Spellcasting
 42984 | Vaults:5 | Reached skill level 6 in Transmutations
 43077 | Vaults:5 | Identified Qodgh's Handbook of the Glacier and Dislocation
 43105 | Vaults:5 | Reached skill level 16 in Necromancy
 43131 | Vaults:5 | P0WERM0DE: butcher shadow dragons!!
 43135 | Vaults:5 | Flanowski: You cant sustain offscreen staircase block as a mage
 43135 | Vaults:5 | P0WERM0DE: ^^
 43135 | Vaults:5 | Arkorax: yea
 43135 | Vaults:5 | Arkorax: mages
 43135 | Vaults:5 | Arkorax: are
 43135 | Vaults:5 | Arkorax: eugh
 43135 | Vaults:5 | Arkorax: errr
 43180 | Vaults:5 | Reached skill level 7 in Transmutations
 43199 | Vaults:5 | P0WERM0DE: for mage V5 is mostly even easier
 43199 | Vaults:5 | Arkorax: to be clea
 43199 | Vaults:5 | P0WERM0DE: imo
 43199 | Vaults:5 | Arkorax: i got 0 mage wins
 43199 | Vaults:5 | Flanowski: for ee for sure
 43199 | Vaults:5 | Arkorax: so i dont know shit
 43283 | Vaults:5 | P0WERM0DE: my last just hammered it
 43401 | Vaults:5 | Flanowski: but i cant get past D5 with fire/ice elems
 43461 | Vaults:5 | Reached skill level 8 in Transmutations
 43514 | Vaults:5 | P0WERM0DE: theyre the strongest bakgrounds
 43514 | Vaults:5 | Identified the cursed +0 helmet of the Pleiades {rF+ Int+3 Stlth+} (You found it on level 5 of the Vaults)
 43515 | Vaults:5 | P0WERM0DE: esp IE
 43515 | Vaults:5 | Arkorax: hmm
 43559 | Vaults:5 | Learned a level 3 spell: Spectral Weapon
 43559 | Vaults:5 | P0WERM0DE: helm?
 43562 | Vaults:5 | Learned a level 2 spell: Song of Slaying
 43601 | Vaults:5 | P0WERM0DE: nice
 43612 | Vaults:5 | P0WERM0DE: hm kk
 43612 | Vaults:5 | Arkorax: just exe axe needed
 43697 | Vaults:5 | Flanowski: Till you encounter sth resistant before icile throw
 43942 | Vaults:5 | Flanowski: then they are kinda dead or running for their lives
 44013 | Vaults:5 | Reached skill level 17 in Necromancy
 44017 | Vaults:5 | P0WERM0DE: well use wpn/wands then
 44036 | Vaults:5 | Identified the cursed +0 plate armour of the Hidden Stars {rF+ MR+} (You found it on level 5 of the Vaults)
 44113 | Vaults:5 | P0WERM0DE: shadow hide!
 44115 | Vaults:5 | P0WERM0DE: ^^
 44117 | Vaults:5 | P0WERM0DE: 10/10
 44138 | Vaults:5 | Arkorax: where to exe axe
 44138 | Vaults:5 | Arkorax: nah
 44138 | Vaults:5 | Arkorax: spells dude
 44138 | Vaults:5 | Arkorax: and resists
 44153 | Vaults:5 | Reached skill level 9 in Transmutations
 44272 | Vaults:5 | P0WERM0DE: you can with 15 encumberance easy
 44279 | Vaults:5 | P0WERM0DE: you got huge str
 44316 | Vaults:5 | Arkorax: slime next
 44316 | Vaults:5 | Arkorax: need the rC
 44316 | Vaults:5 | P0WERM0DE: no axe?
 44316 | Vaults:5 | Arkorax: nope
 44321 | Vaults:5 | Flanowski: GL with slime
 44479 | Vaults:2 | Arkorax: ty
 44479 | Vaults:2 | Arkorax: hardest rune imo
 44562 | D:13     | P0WERM0DE: just use agility potion there
 44584 | D:13     | P0WERM0DE: and hast
 44584 | D:13     | Arkorax: yea
 44584 | D:13     | P0WERM0DE: e
 44584 | D:13     | Arkorax: and might
 44786 | Snake:3  | Arkorax: woooo
 44786 | Snake:3  | Arkorax: 99% lich form
 44786 | Snake:3  | Arkorax: now jsut staff of energy
 44786 | Snake:3  | P0WERM0DE: ^^
 44786 | Snake:3  | Arkorax: fucking server
 44923 | Slime:1  | Entered Level 1 of the Pits of Slime
 44941 | Slime:1  | P0WERM0DE: cxc much better
 44978 | Slime:2  | Gained mutation: Your magical capacity is low. (-10% MP) [a shining eye]
 44979 | Slime:2  | Gained mutation: You expend magic power (3 MP) to strengthen your wands. [a shining eye]
 44993 | Slime:2  | Arkorax: yea
 44993 | Slime:2  | Arkorax: but im an underhound diehard
 45154 | Slime:4  | Arkorax: well
 45154 | Slime:4  | Arkorax: that could have been catastrophic
 45154 | Slime:4  | P0WERM0DE: amu with dex would be awesome
 45160 | Slime:4  | Arkorax: yea
 45160 | Slime:4  | P0WERM0DE: or randart aux armor
 45162 | Slime:5  | Entered Level 5 of the Pits of Slime
 45165 | Slime:5  | Gained mutation: Your body sometimes deteriorates upon taking damage. [a shining eye]
 45181 | Slime:5  | Arkorax: fck
 45233 | Slime:5  | Found a viscous altar of Jiyva.
 45248 | Slime:5  | Reached skill level 10 in Transmutations
 45251 | Slime:5  | Arkorax: fuck
 45251 | Slime:5  | Arkorax: where is he
 45251 | Slime:5  | Reached XP level 26. HP: 259/259 MP: 23/23
 45262 | Slime:5  | P0WERM0DE: ^^
 45425 | Slime:5  | Noticed the Royal Jelly
 45438 | Slime:5  | Killed the Royal Jelly
 45438 | Slime:5  | Reached skill level 18 in Necromancy
 45446 | Slime:5  | Arkorax: lmao
 45461 | Slime:5  | P0WERM0DE: makhaxed
 45469 | Slime:5  | Got a slimy rune of Zot
 45490 | Slime:5  | Identified the Disquisition on Dusty Transformation
 45540 | Slime:5  | P0WERM0DE: DD is so op
 45594 | Slime:5  | Arkorax: bad loot
 45601 | Slime:5  | P0WERM0DE: plate
 45609 | Slime:5  | Identified the +1 plate armour of Fapivvin {MR+ Dex+3} (You found it on level 5 of the Pits of Slime)
 45610 | Slime:5  | P0WERM0DE: ~~
 45610 | Slime:5  | Arkorax: damn
 45617 | Slime:5  | P0WERM0DE: manual?
 45617 | Slime:5  | Flanowski: Next loot stop = Tomb
 45617 | Slime:5  | Arkorax: still no exe
 45617 | Slime:5  | Arkorax: fire magic
 45617 | Slime:5  | P0WERM0DE: kk
 45677 | Lair:6   | P0WERM0DE: what books?
 45734 | Lair:3   | Arkorax: dont knowe haha
 45734 | Lair:3   | P0WERM0DE: you should get the whole set
 45734 | Lair:3   | Arkorax: got all i need
 45734 | Lair:3   | P0WERM0DE: song of slaying also prime target
 45734 | Lair:3   | P0WERM0DE: yea
 45734 | Lair:3   | P0WERM0DE: kk
 46079 | Crypt:1  | Entered Level 1 of the Crypt
 46085 | Crypt:1  | P0WERM0DE: ^^
 46092 | Crypt:1  | Arkorax: death channel ius up
 46126 | Crypt:1  | P0WERM0DE: no you need shatter and tornado too ;P
 46176 | Crypt:1  | Flanowski: Try not to tab too much against mummies
 46176 | Crypt:1  | P0WERM0DE: and translocs imo
 46176 | Crypt:1  | Arkorax: yea
 46176 | Crypt:1  | Arkorax: at least blink
 46516 | Elf:3    | Learned a level 2 spell: Blink
 46516 | Elf:3    | P0WERM0DE: repel too
 46572 | D:12     | P0WERM0DE: !!
 46572 | D:12     | Arkorax: hmm
 46644 | Elf:3    | Learned a level 2 spell: Repel Missiles
 46915 | Vaults:3 | Arkorax: got all
 47025 | Crypt:1  | P0WERM0DE: cast it
 47060 | Crypt:1  | Reached skill level 14 in Spellcasting
 47271 | Crypt:1  | P0WERM0DE: rly helps
 47430 | Crypt:1  | Reached skill level 11 in Transmutations
 47708 | Crypt:1  | Found an ancient bone altar of Kikubaaqudgha.
 47954 | Crypt:2  | Arkorax: man resists
 48094 | Crypt:2  | P0WERM0DE: this your strongest char ever?
 48115 | Crypt:2  | P0WERM0DE: +10 slay axing makh
 48116 | Crypt:2  | Arkorax: nah
 48116 | Crypt:2  | P0WERM0DE: prettty good
 48116 | Crypt:2  | Arkorax: DsGl of Uska
 48128 | Crypt:2  | P0WERM0DE: ^^
 48134 | Crypt:2  | P0WERM0DE: kk
 48134 | Crypt:2  | Arkorax: all im gonna say ;p
 48166 | Crypt:2  | Reached skill level 19 in Necromancy
 48170 | Crypt:2  | Reached skill level 12 in Transmutations
 48557 | Crypt:2  | P0WERM0DE: didnt have slaying tho
 48557 | Crypt:2  | Flanowski: Uska makes you feel like a badass mofo after you explode entire room
 48557 | Crypt:2  | Arkorax: is tomb doable?
 48557 | Crypt:2  | Arkorax: yea he is awesome
 48573 | Crypt:3  | Entered Level 3 of the Crypt
 48574 | Crypt:3  | P0WERM0DE: with silence
 48585 | Crypt:3  | Arkorax: yea
 48586 | Crypt:3  | P0WERM0DE: otherwise risky imo
 48602 | Crypt:3  | Arkorax: ill do Z first
 48661 | Crypt:3  | Identified the Papyrus of Necromancy
 48662 | Crypt:3  | P0WERM0DE: would prob do zot
 48662 | Crypt:3  | P0WERM0DE: yea
 48662 | Crypt:3  | Arkorax: revi?
 48662 | Crypt:3  | Arkorax: dispel!
 48668 | Crypt:3  | Learned a level 5 spell: Dispel Undead
 48668 | Crypt:3  | P0WERM0DE: sure why not
 48677 | Crypt:3  | Learned a level 8 spell: Borgnjor's Revivification
 48980 | Crypt:3  | Found a staircase to the Tomb.
 49302 | Crypt:3  | Found a basalt altar of Yredelemnul.
 49403 | Crypt:3  | Reached skill level 13 in Transmutations
 49482 | Crypt:3  | Arkorax: ermigerd
 49482 | Crypt:3  | P0WERM0DE: id also check for broadaxes
 49482 | Crypt:3  | P0WERM0DE: its better for zigging
 49482 | Crypt:3  | Arkorax: my melee sense it tingeling
 49488 | Crypt:3  | P0WERM0DE: vamp broadaxe+large shield perfect
 49488 | Crypt:3  | Flanowski: ith the second time i see crystal
 49488 | Crypt:3  | Flanowski: wp
 49488 | Crypt:3  | P0WERM0DE: dang
 49488 | Crypt:3  | Arkorax: rly
 49488 | Crypt:3  | Arkorax: second time?
 49488 | Crypt:3  | Flanowski: ye
 49488 | Crypt:3  | Arkorax: its rare
 49547 | Crypt:3  | Flanowski: man, i cant play at work everyday
 49547 | Crypt:3  | P0WERM0DE: go dex
 49547 | Crypt:3  | Flanowski: sometimes i actually have to code :<
 49547 | Crypt:3  | P0WERM0DE: ;P
 49547 | Crypt:3  | Arkorax: i dont work with computers thank god
 49547 | Crypt:3  | Reached XP level 27. HP: 260/266 MP: 24/24
 49609 | Crypt:3  | Arkorax: wow
 49609 | Crypt:3  | Identified the ring "Gaden" {-Tele *Corrode rF+++ rN+ Dex+5} (You found it on level 3 of the Crypt)
 49610 | Crypt:3  | Identified the ring "Cahuomp" {rPois rN+ Str-4 Int+4 Dex+10} (You found it on level 3 of the Crypt)
 49611 | Crypt:3  | Identified the ring of the Albatross {rPois rN+ Str+4} (You found it on level 3 of the Crypt)
 49612 | Crypt:3  | Arkorax: HOLY FUCK THE RINGS IN THIS RUN
 49612 | Crypt:3  | Flanowski: both rn
 49612 | Crypt:3  | Arkorax: WTF
 49612 | Crypt:3  | Arkorax: ill take dex +10
 49614 | Crypt:3  | P0WERM0DE: hmm
 49696 | Crypt:3  | P0WERM0DE: not rly worth it prob
 49701 | Crypt:3  | Reached skill level 20 in Necromancy
 49703 | Crypt:3  | P0WERM0DE: your other rings are better
 49703 | Crypt:3  | Arkorax: yea
 49703 | Crypt:3  | Arkorax: ill take it fors how
 49703 | Crypt:3  | Arkorax: for show
 49790 | Crypt:3  | P0WERM0DE: kk
 49924 | Crypt:3  | Flanowski: is str useless after certain point ?
 49940 | Crypt:3  | Arkorax: nope
 49940 | Crypt:3  | P0WERM0DE: nope
 49940 | Crypt:3  | Arkorax: PUMP IT WITH MELEE
 49940 | Crypt:3  | P0WERM0DE: increases dmg
 49940 | Crypt:3  | Arkorax: Mi of Chei
 49940 | Crypt:3  | Arkorax: go strewngth only
 49940 | Crypt:3  | Arkorax: and look at the dm,g you are doing
 50026 | Crypt:3  | Flanowski: I usually pump dex for defences with melee, i guess i have to reonsider
 50151 | Crypt:3  | Arkorax: go full str once
 50208 | Crypt:3  | Arkorax: 38% nmut
 50208 | Crypt:3  | P0WERM0DE: dex is better mostly still
 50210 | Crypt:3  | P0WERM0DE: but if you have a lot from items >24 is a little wasted
 50210 | Crypt:3  | Arkorax: 21% with wiz
 50210 | Crypt:3  | P0WERM0DE: nice
 50210 | Crypt:3  | Arkorax: do i train more spellcasting
 50222 | Crypt:3  | P0WERM0DE: yea
 50558 | D:14     | Arkorax: ooh
 50558 | D:14     | Arkorax: abyss
 50654 | Depths:2 | Voluntarily entered the Abyss.
 51312 | Abyss:3  | Gained mutation: You are clumsy. (Dex -2) [a cacodemon]
 51315 | Abyss:3  | Gained mutation: Your body often deteriorates upon taking damage. [a cacodemon]
 51334 | Abyss:3  | Paralysed by you for 4 turns
 51344 | Abyss:3  | Reached skill level 14 in Transmutations
 51383 | Abyss:3  | Reached skill level 15 in Spellcasting
 51408 | Abyss:3  | Paralysed by accursed screaming for 2 turns
 51433 | Abyss:3  | Gained mutation: You are dopey. (Int -2) [mutagenic glow]
 51511 | Abyss:3  | P0WERM0DE: id now learn shatter + sublimation of blood
 51529 | Abyss:3  | P0WERM0DE: then do zot then you can go zig alrdy
 51529 | Abyss:3  | Arkorax: shatter needs a lot of earth
 51529 | Abyss:3  | Arkorax: idk
 51529 | Abyss:3  | P0WERM0DE: and maybe blink and passage
 51545 | Abyss:3  | P0WERM0DE: nah you got +3 apt
 51577 | Abyss:3  | P0WERM0DE: you can get it rdy while zigging easily
 51577 | Abyss:3  | Gained mutation: You are weak. (Str -2) [a neqoxec]
 51579 | Abyss:3  | Arkorax: damn
 51601 | Abyss:3  | P0WERM0DE: yea cure dat shit
 51656 | Abyss:3  | Arkorax: need vault
 51656 | Abyss:3  | P0WERM0DE: shatter is cheaper than necromut a lot
 51656 | Abyss:3  | Arkorax: and get out
 51656 | Abyss:3  | Arkorax: then i cure
 51656 | Abyss:3  | P0WERM0DE: kk
 51656 | Abyss:3  | P0WERM0DE: but also get sublimation for MP!!
 51656 | Abyss:3  | Arkorax: lich still at 38%?
 51656 | Abyss:3  | P0WERM0DE: you lost int
 51656 | Abyss:3  | P0WERM0DE: and str etc
 51656 | Abyss:3  | Arkorax: ohh
 51656 | Abyss:3  | Lost mutation: You are very clumsy. (Dex -4) [potion of cure mutation]
 51656 | Abyss:3  | Lost mutation: Your magical capacity is low. (-10% MP) [potion of cure mutation]
 51656 | Abyss:3  | Lost mutation: Your body often deteriorates upon taking damage. [potion of cure mutation]
 51656 | Abyss:3  | Lost mutation: You are very weak. (Str -4) [potion of cure mutation]
 51656 | Abyss:3  | Lost mutation: Your body sometimes deteriorates upon taking damage. [potion of cure mutation]
 51656 | Abyss:3  | Lost mutation: You are dopey. (Int -2) [potion of cure mutation]
 51672 | Abyss:3  | Gained mutation: Your body sometimes deteriorates upon taking damage. [a neqoxec]
 51705 | Abyss:3  | P0WERM0DE: mp pwered wands ;P
 51714 | Abyss:3  | P0WERM0DE: pretty bad one
 51750 | Abyss:3  | Arkorax: yea
 51750 | Abyss:3  | P0WERM0DE: go A4
 51766 | Abyss:3  | P0WERM0DE: its ok
 51779 | Abyss:3  | P0WERM0DE: just not 5
 51779 | Abyss:3  | Arkorax: ok
 51808 | Abyss:4  | Flanowski: Whats wrong with 5?
 51844 | Abyss:4  | P0WERM0DE: high spawnrate
 51849 | Abyss:4  | P0WERM0DE: its quite dangerous
 51850 | Abyss:4  | Arkorax: yea dont go 5
 51850 | Abyss:4  | P0WERM0DE: prob more than pan/hell
 51881 | Abyss:4  | Flanowski: I never got to past 3, i usually dont want to stay here
 51913 | Abyss:4  | Reached skill level 21 in Necromancy
 51935 | Abyss:4  | P0WERM0DE: yea but now in trunk you have those marked vaults
 51983 | Abyss:4  | P0WERM0DE: so strategy seems to be go down to 4
 52004 | Abyss:4  | P0WERM0DE: also guaranteed exits after killing
 52074 | Abyss:4  | P0WERM0DE: before i also always stayyed on lvl 3
 52100 | Abyss:4  | Flanowski: Still have bad memories with erolha :>
 52100 | Abyss:4  | Arkorax: no rune stil
 52124 | Abyss:4  | Flanowski: Im more scared of abyss than hell
 52147 | Abyss:4  | Arkorax: nah
 52147 | Abyss:4  | Arkorax: hell is terrible
 52193 | Abyss:4  | P0WERM0DE: depends on char id say
 52208 | Abyss:4  | P0WERM0DE: and hell ;P
 52227 | Abyss:4  | P0WERM0DE: vault
 52233 | Abyss:4  | P0WERM0DE: !!
 52238 | Abyss:4  | Reached skill level 15 in Transmutations
 52264 | Abyss:4  | Arkorax: nope
 52264 | Abyss:4  | Arkorax: no floor tiles
 52282 | Abyss:4  | P0WERM0DE: hmm
 52312 | Abyss:4  | P0WERM0DE: true
 52335 | Abyss:4  | Flanowski: Its still technically called vault isnt it ?
 52365 | Abyss:4  | P0WERM0DE: yea just not rune vault
 52365 | Abyss:4  | P0WERM0DE: ^^
 52365 | Abyss:4  | Pr0man: sup
 52365 | Abyss:4  | Pr0man: how's it goin?
 52365 | Abyss:4  | Arkorax: heyo
 52367 | Abyss:4  | Gained mutation: Your magical capacity is low. (-10% MP) [a cacodemon]
 52369 | Abyss:4  | P0WERM0DE: i got a +5 demon trident of chaos from abyss vault on the DsAs
 52380 | Abyss:4  | Identified Roit's Tome of the Oath
 52385 | Abyss:4  | P0WERM0DE: hi
 52392 | Abyss:4  | Identified the Guide on Enhancements
 52395 | Abyss:4  | P0WERM0DE: wo so many books
 52395 | Abyss:4  | Flanowski: hai
 52395 | Abyss:4  | P0WERM0DE: !!
 52399 | Abyss:4  | Identified the Almanac of Changing
 52415 | Abyss:4  | Pr0man: all the books!
 52424 | Abyss:4  | Found a roughly hewn altar of Beogh.
 52453 | Abyss:4  | Pr0man: my FE would wet his pants from that
 52461 | Abyss:4  | P0WERM0DE: rune
 52461 | Abyss:4  | P0WERM0DE: nice
 52461 | Abyss:4  | Arkorax: ty daddy rng
 52461 | Abyss:4  | Got an abyssal rune of Zot
 52504 | Abyss:4  | Flanowski: 1 spell books arent too appealing
 52596 | Abyss:4  | Pr0man: so, how is this deep dwarf thingie working out? is makh the only reliable healing source?
 52601 | Abyss:4  | Arkorax: amazing char
 52601 | Abyss:4  | P0WERM0DE: best one for sure
 52601 | Abyss:4  | Arkorax: yea
 52601 | Abyss:4  | Arkorax: look at this
 52601 | Abyss:4  | Pr0man: yeah, i never manage to get DD working
 52601 | Abyss:4  | P0WERM0DE: but elyvilon/pak also work
 52610 | Abyss:4  | Pr0man: screw you and your luck
 52617 | Abyss:4  | Flanowski: you can go pak, but makh is unbeatable
 52701 | Depths:2 | Escaped the Abyss
 52702 | Depths:2 | Lost mutation: You expend magic power (3 MP) to strengthen your wands. [potion of cure mutation]
 52702 | Depths:2 | Lost mutation: Your magical capacity is low. (-10% MP) [potion of cure mutation]
 52702 | Depths:2 | Lost mutation: Your body often deteriorates upon taking damage. [potion of cure mutation]
 52703 | Depths:2 | Pr0man: I struggle with my GrFE, just got Iron Shot thankfully, and still struggle to get somewhere...
 52784 | Zot:1    | Entered Level 1 of the Realm of Zot
 52795 | Zot:1    | P0WERM0DE: learned shatter?
 52795 | Zot:1    | Arkorax: 21%
 52795 | Zot:1    | Arkorax: oh right
 52874 | Depths:2 | P0WERM0DE: just hybridize on the casters pr0man
 52915 | Depths:1 | Flanowski: Shatter makes V5 and Tomb easy as hell
 52927 | Depths:1 | P0WERM0DE: learn weapon skill after lair
 52937 | Depths:1 | Learned a level 9 spell: Shatter
 52937 | Depths:1 | P0WERM0DE: its easier
 52937 | Depths:1 | Arkorax: need more xp
 52937 | Depths:1 | Arkorax: for necro
 52937 | Depths:1 | Arkorax: and shatter
 53041 | Depths:5 | P0WERM0DE: most ppl struggling with casters go for lvl 9 too early
 53099 | Zot:1    | Flanowski: I skip weapon part
 53150 | Zot:1    | P0WERM0DE: or even iron shot isnt worth it so early imo
 53201 | Zot:1    | Pr0man: I usually go for full dps casters without any melee... usually DE or HE, but those are too squishy and Gr provide excellent defense
 53201 | Zot:1    | Flanowski: with true casters staves suck even with high skill unless layatang
 53201 | Zot:1    | Arkorax: i could do hell for xp?
 53203 | Zot:1    | Pr0man: I mean, I got a +3 whip of elec
 53215 | Zot:1    | Reached skill level 22 in Necromancy
 53217 | Zot:1    | Reached skill level 16 in Transmutations
 53341 | Zot:1    | Found a glowing golden altar of the Shining One.
 53373 | Zot:1    | Identified Nepnigup's Papyrus of Fire and Brimstone
 53385 | Zot:1    | Identified Sif Muna's Volume of the Zealot
 53386 | Zot:1    | Pr0man: And the thing with iron shot is - as a Fire elementalist, I'm screwed against anything that is immune to fire, like hell hounds and the likes, which I already encountered...
 53401 | Zot:1    | P0WERM0DE: better take a top tier wpn
 53683 | Zot:1    | Pr0man: So I got extremely lucky on getting a physical spell finally from veh
 53874 | Zot:2    | P0WERM0DE: sure iron shot is nice but MP inefficient
 53923 | Zot:2    | Flanowski: Iron shot is BiS
 53923 | Zot:2    | P0WERM0DE: and lair rune thingies you get swarmed so endless kiting
 54021 | Zot:2    | P0WERM0DE: better to have 1 area spell and melee going
 54038 | Zot:2    | Flanowski: but petrify deconstruction combo carries midgame
 54042 | Zot:2    | Reached skill level 16 in Spellcasting
 54148 | Zot:2    | Noticed an orb of fire
 54149 | Zot:2    | Noticed an orb of fire
 54152 | Zot:2    | Pr0man: yeah, too bad i started FE huh?
 54152 | Zot:2    | Arkorax: welllllllllllllllllllll
 54152 | Zot:2    | Arkorax: thennnnnnnnnnnnnnnn
 54152 | Zot:2    | P0WERM0DE: ;P
 54152 | Zot:2    | Flanowski: Ohoho
 54152 | Zot:2    | Pr0man: uhm....
 54153 | Zot:2    | P0WERM0DE: smash em
 54156 | Zot:2    | Pr0man: I guess you're screwed?
 54158 | Zot:2    | Gained mutation: You are occasionally teleported next to monsters. [an orb of fire]
 54162 | Zot:2    | Gained mutation: You are weak. (Str -2) [an orb of fire]
 54163 | Zot:2    | Killed an orb of fire
 54166 | Zot:2    | Gained mutation: You are frail. (-10% HP) [an orb of fire]
 54168 | Zot:2    | Killed an orb of fire
 54168 | Zot:2    | Reached skill level 17 in Transmutations
 54169 | Zot:2    | P0WERM0DE: easy
 54169 | Zot:2    | Arkorax: ez
 54169 | Zot:2    | Pr0man: haxx
 54169 | Zot:2    | Pr0man: were orbs of fire always that easy?
 54169 | Zot:2    | Arkorax: www.indialegitcrawlhex.in
 54169 | Zot:2    | P0WERM0DE: char is just op
 54169 | Zot:2    | Flanowski: Ye, i dislike Fe and Ie just cuz early resist mobs
 54169 | Zot:2    | P0WERM0DE: +10 slaying decent resists
 54169 | Zot:2    | Arkorax: NOOOOOOOOOOOOOOOOOOOOOOOOOOOOOOOOOOOOOOOOOOOOOOOOOOOOOOOOOOOOOOOOOOOOOOOOOOOOOOOOOOOOOOOOOOOOOOOOOOOOOOOOOOOOOOOOOOOOOOOOOOOOOOOOOOOOOOOOOOOOOOOOOOOOOOOOOOOOOOOOOOOOOOOOOOOOOOOOOOOOOOOOOOOOOOOOOOOOOOOOOOOOOOOOOOOOOOOOOOOOOOOOOOOOOOOOOOOOOOOOOOOOOOOOOOOOOOOOOOOOOOOOOOOOOOOOOOOOOOOOOOOOOOOOOOOOOOOOOOOOOOOOOOOOOOOOOOOOOOOOOOOOOOOOOOOOOOOOOOOOOOOOOOOOOOOOOOOOOOOOOOOOOOOOOOOOOOOOOOOOOOOOOOOOOOOOOOOOOOOOOOOOOOOOOOOOOOOOOOOOOOOOOOOOOOOOOOOOOOOOOOOOOOOOOOOOOOOOOOOOOOOOOOOOOOOOOOOOOOOOOOOOOOOOOOOOOOOOOOOOOOOOOOOOOOOOOOOOOOOOOOOOOOOOOOOOOOOOOOOOOOOOOOOOOOOOOOOOOOOOOOOOOOOOOOOOOOOOOOOOOOOOOOOOOOOOOOOOOOOOOOOOOOOOOOOOOOOOOOOOOOOOOOOOOOOOOOOOOOOOOOOOOOOOOOOOOOOOOOOOOOOOOOOOOOOOOOOOOOOOOO
 54169 | Zot:2    | Arkorax: frail
 54169 | Zot:2    | Pr0man: huh?
 54169 | Zot:2    | Arkorax: and teletitis
 54169 | Zot:2    | Pr0man: oh lol
 54169 | Zot:2    | P0WERM0DE: just go zig alrdy
 54169 | Zot:2    | Arkorax: teletitis is badf
 54169 | Zot:2    | Arkorax: no shatter ;p
 54176 | Zot:2    | Pr0man: I actually enjoy GrIE due to the extreme amounts of AC you can accumulate
 54236 | Zot:1    | Reached skill level 23 in Necromancy
 54328 | Depths:2 | P0WERM0DE: do you have your GrFE game still running?
 54414 | Depths:2 | Flanowski: EE with +2 apt makes it even easier
 54414 | Depths:2 | Pr0man: I tend to go with Gr nowadays because all other casters are too squishy for my playstyle... curse you Vine Stalker op shit!
 54440 | Zig:1    | Entered Level 1 of a ziggurat
 54446 | Zig:1    | Pr0man: yes, yes i do, finished lair basically
 54459 | Zig:2    | Entered Level 2 of a ziggurat
 54467 | Zig:2    | P0WERM0DE: if you like i can take a look
 54474 | Zig:3    | Entered Level 3 of a ziggurat
 54505 | Zig:3    | Pr0man: a veteran helping out? wow
 54507 | Zig:4    | Entered Level 4 of a ziggurat
 54551 | Zig:5    | Entered Level 5 of a ziggurat
 54868 | Zig:6    | Entered Level 6 of a ziggurat
 54918 | Zig:6    | Lost mutation: You are frail. (-10% HP) [potion of cure mutation]
 54918 | Zig:6    | Lost mutation: You are weak. (Str -2) [potion of cure mutation]
 54918 | Zig:6    | Lost mutation: You are occasionally teleported next to monsters. [potion of cure mutation]
 54918 | Zig:6    | Lost mutation: You are partially covered in yellow scales. (AC +2) [potion of cure mutation]
 54922 | Zig:6    | Pr0man: no more tele and -10% hp
 54924 | Zig:6    | Pr0man: woo
 54935 | Zig:6    | Arkorax: :D
 54939 | Zig:6    | Flanowski: totally worth it
 54939 | Zig:6    | Arkorax: yea
 54947 | Zig:7    | Entered Level 7 of a ziggurat
 54993 | Zig:7    | Identified the Compendium of Boosts and Sinister Magic
 55010 | Zig:8    | Entered Level 8 of a ziggurat
 55020 | Zig:8    | Noticed Ysukiale the pandemonium lord
 55023 | Zig:8    | Reached skill level 1 in Earth Magic
 55029 | Zig:8    | Reached skill level 2 in Earth Magic
 55039 | Zig:8    | Reached skill level 3 in Earth Magic
 55089 | Zig:8    | HP: 50/266 [Ysukiale the pandemonium lord (35)]
 55095 | Zig:8    | HP: 48/266 [Ysukiale the pandemonium lord (23)]
 55107 | Zig:8    | Killed Ysukiale the pandemonium lord
 55107 | Zig:8    | Reached skill level 4 in Earth Magic
 55113 | Zig:8    | Arkorax: jesus
 55123 | Zig:8    | Identified Awuonluz's Tome of the Gliding Frostbite
 55130 | Zig:8    | Identified the amulet of Royalty {Harm *Drain rN+} (You found it on level 8 of a ziggurat)
 55148 | Zig:9    | Entered Level 9 of a ziggurat
 55155 | Zig:9    | Thael: hi
 55205 | Zig:9    | Reached skill level 5 in Earth Magic
 55212 | Zig:9    | Arkorax: heyo
 55218 | Zig:9    | Flanowski: hello
 55218 | Zig:9    | Identified the Incunabulum of Excruciating Stones
 55250 | Zig:10   | Entered Level 10 of a ziggurat
 55317 | Zig:11   | Entered Level 11 of a ziggurat
 55339 | Zig:11   | Reached skill level 6 in Earth Magic
 55365 | Zig:11   | Reached skill level 18 in Transmutations
 55406 | Zig:12   | Entered Level 12 of a ziggurat
 55424 | Zig:12   | Reached skill level 7 in Earth Magic
 55436 | Zig:12   | Flanowski: pray for another godly ring
 55452 | Zig:12   | Arkorax: yea haha
 55457 | Zig:12   | Identified the ring of Upsiv {*Tele +Inv rN+ Str-5 SInv} (You found it on level 12 of a ziggurat)
 55458 | Zig:12   | Arkorax: ew
 55486 | Zig:13   | Entered Level 13 of a ziggurat
 55503 | Zig:13   | Reached skill level 8 in Earth Magic
 55582 | Zig:13   | P0WERM0DE: everything smooth?
 55582 | Zig:13   | P0WERM0DE: shatter %?
 55582 | Zig:13   | Arkorax: 100
 55582 | Zig:13   | Arkorax: still
 55587 | Zig:14   | Entered Level 14 of a ziggurat
 55621 | Zig:14   | Reached skill level 9 in Earth Magic
 55653 | Zig:14   | P0WERM0DE: low int?
 55653 | Zig:14   | Arkorax: yea
 55653 | Zig:14   | Arkorax: swapped rings
 55797 | Zig:14   | Reached skill level 11 in Earth Magic
 55798 | Zig:14   | Identified the Compendium of Unstable Necromancy
 55803 | Zig:14   | Identified the +8 plate armour "Hugisagg" {rC+ Str+5} (You found it on level 14 of a ziggurat)
 55806 | Zig:14   | Identified the ring of Norogoiss {Ice Dex+4} (You found it on level 14 of a ziggurat)
 55831 | Zig:15   | Entered Level 15 of a ziggurat
 55850 | Zig:15   | Noticed an orb of fire
 55850 | Zig:15   | Noticed an orb of fire
 55850 | Zig:15   | Noticed an orb of fire
 55850 | Zig:15   | Arkorax: holy fuck
 55850 | Zig:15   | Arkorax: isnt this impossible
 55850 | Zig:15   | Flanowski: You will be fine
 55850 | Zig:15   | Arkorax: dude
 55850 | Zig:15   | Arkorax: fire floor doesnt spawn in zig 1
 55850 | Zig:15   | Arkorax: i think
 55852 | Zig:15   | Noticed an orb of fire
 55853 | Zig:15   | P0WERM0DE: maybe haste too
 55853 | Zig:15   | P0WERM0DE: you have the wand
 55854 | Zig:15   | Flanowski: Im blessed with lack of knowledge
 55854 | Zig:15   | P0WERM0DE: kk
 55856 | Zig:15   | Noticed an orb of fire
 55867 | Zig:15   | P0WERM0DE: youll be fine
 55869 | Zig:15   | Gained mutation: You are weak. (Str -2) [an orb of fire]
 55874 | Zig:15   | Gained mutation: You are clumsy. (Dex -2) [an orb of fire]
 55875 | Zig:15   | Gained mutation: You are dopey. (Int -2) [an orb of fire]
 55880 | Zig:15   | Killed an orb of fire
 55880 | Zig:15   | Reached skill level 12 in Earth Magic
 55881 | Zig:15   | Killed an orb of fire
 55885 | Zig:15   | Gained mutation: You occasionally shout uncontrollably at your foes. [an orb of fire]
 55890 | Zig:15   | Killed an orb of fire
 55892 | Zig:15   | Killed an orb of fire
 55892 | Zig:15   | Reached skill level 13 in Earth Magic
 55893 | Zig:15   | Gained mutation: You are very dopey. (Int -4) [an orb of fire]
 55903 | Zig:15   | Killed an orb of fire
 55903 | Zig:15   | Reached skill level 17 in Spellcasting
 55904 | Zig:15   | Arkorax: lmao
 55904 | Zig:15   | Arkorax: that was easier
 55904 | Zig:15   | Flanowski: #notop
 55904 | Zig:15   | Arkorax: than expected
 55918 | Zig:15   | Lost mutation: You are clumsy. (Dex -2) [potion of cure mutation]
 55918 | Zig:15   | Lost mutation: You are very dopey. (Int -4) [potion of cure mutation]
 55918 | Zig:15   | Lost mutation: You occasionally shout uncontrollably at your foes. [potion of cure mutation]
 55918 | Zig:15   | Lost mutation: You are dopey. (Int -2) [potion of cure mutation]
 55922 | Zig:15   | Identified the +5 broad axe "Uduskiabb" {flame, *Rage rN++ Str+4 SInv} (You found it on level 15 of a ziggurat)
 55924 | Zig:15   | Identified the ring of Ciulyvu {*Tele +Blink MR- Str+4} (You found it on level 15 of a ziggurat)
 55927 | Zig:15   | Identified the ring "Xuihetem" {+Inv rElec Str+3} (You found it on level 15 of a ziggurat)
 55929 | Zig:15   | Identified the Volume of a Thousand Realms
 55940 | Zig:15   | Identified the ring of the Everdark {rElec rC+ Str+2 Slay+3} (You found it on level 15 of a ziggurat)
 55953 | Zig:16   | Entered Level 16 of a ziggurat
 55980 | Zig:16   | Reached skill level 19 in Transmutations
 56007 | Zig:16   | Reached skill level 14 in Earth Magic
 56075 | Zig:16   | Identified the ring of Yclalullu {*Slow rN+ Str+4 Int+5} (You found it on level 16 of a ziggurat)
 56142 | Zig:17   | Entered Level 17 of a ziggurat
 56163 | Zig:17   | Noticed an ancient lich
 56196 | Zig:17   | Paralysed by accursed screaming for 2 turns
 56201 | Zig:17   | Paralysed by accursed screaming for 2 turns
 56206 | Zig:17   | Killed an ancient lich
 56206 | Zig:17   | Reached skill level 15 in Earth Magic
 56281 | Zig:18   | Entered Level 18 of a ziggurat
 56382 | Zig:18   | Reached skill level 16 in Earth Magic
 56423 | Zig:18   | P0WERM0DE: aura of abjuration maybe worth a thought too
 56426 | Zig:18   | Arkorax: hmmm
 56426 | Zig:18   | Arkorax: yea
 56426 | Zig:18   | Arkorax: for tomb too
 56426 | Zig:18   | P0WERM0DE: theyre all cheap by now
 56428 | Zig:18   | Arkorax: yep
 56475 | Zig:18   | Identified the ring of Sininli {rF+ rN+ Str+2 Stlth+} (You found it on level 18 of a ziggurat)
 56495 | Zig:19   | Entered Level 19 of a ziggurat
 56515 | Zig:19   | Noticed Suetim the pandemonium lord
 56524 | Zig:19   | kuniqs: there's no abjuration anymore I think
 56543 | Zig:19   | Killed Suetim the pandemonium lord
 56544 | Zig:19   | Reached skill level 20 in Transmutations
 56556 | Zig:19   | P0WERM0DE: o rly?
 56560 | Zig:19   | Arkorax: lich form is god
 56560 | Zig:19   | Arkorax: kuni
 56560 | Zig:19   | P0WERM0DE: i played 018 lately
 56560 | Zig:19   | Arkorax: it foundd it with ctrl f
 56573 | Zig:19   | P0WERM0DE: haste
 56573 | Zig:19   | Arkorax: shiet?
 56573 | Zig:19   | P0WERM0DE: dont fight slowed ever
 56573 | Zig:19   | kuniqs: dunno, I remember reading a changelog where abjuration was removed
 56573 | Zig:19   | Arkorax: doi i blink
 56573 | Zig:19   | kuniqs: no
 56573 | Zig:19   | kuniqs: haste
 56573 | Zig:19   | HP: 77/266 [Hell Sentinel (5)]
 56574 | Zig:19   | Arkorax: now fight or what?
 56574 | Zig:19   | kuniqs: just whittle away
 56578 | Zig:19   | Arkorax: dude
 56578 | Zig:19   | Arkorax: that wont work
 56579 | Zig:19   | HP: 70/266 [Ice Fiend/bolt of cold (3)]
 56585 | Zig:19   | HP: 60/266 [infernal warmonger/demon trident of electrocution (25)]
 56586 | Zig:19   | Reached skill level 17 in Earth Magic
 56587 | Zig:19   | kuniqs: shoot that funky plunger, dilloboy!
 56590 | Zig:19   | HP: 68/266 [gelid blood saint] (1)]
 56594 | Zig:19   | HP: 32/266 [infernal warmonger/demon trident of electrocution (5)]
 56599 | Zig:19   | kuniqs: dude, hellfire
 56602 | Zig:19   | P0WERM0DE: yea should double blink at least
 56602 | Zig:19   | Arkorax: run like a little bitch?
 56602 | Zig:19   | kuniqs: no
 56602 | Zig:19   | kuniqs: no regen
 56602 | Zig:19   | Arkorax: hasted hell sentinels and shit
 56651 | Zig:19   | P0WERM0DE: shatter % fail?
 56651 | Zig:19   | Arkorax: damn haha
 56661 | Zig:19   | Arkorax: 100
 56661 | Zig:19   | P0WERM0DE: you got the wiz ring with you?
 56661 | Zig:19   | P0WERM0DE: ah kk
 56661 | Zig:19   | Arkorax: 17 skill
 56661 | Zig:19   | Arkorax: idk
 56663 | Zig:19   | P0WERM0DE: just train earth
 56663 | Zig:19   | kuniqs: they won't hellfire you (most of the time) if you're adjacent to stonger demons
 56663 | Zig:19   | Arkorax: 96
 56663 | Zig:19   | Arkorax: yea i know that one haha
 56668 | Zig:19   | Gained mutation: You expend magic power (3 MP) to strengthen your wands. [mutagenic glow]
 56670 | Zig:19   | P0WERM0DE: 3% is enough on necromut
 56808 | Zig:19   | Lost mutation: You expend magic power (3 MP) to strengthen your wands. [potion of cure mutation]
 56808 | Zig:19   | Lost mutation: You are weak. (Str -2) [potion of cure mutation]
 56809 | Zig:19   | Identified the +2 pair of boots "Bicut Dydudo" {Int+7 Dex-3} (You found it on level 19 of a ziggurat)
 56810 | Zig:19   | Arkorax: daaaamnn
 56816 | Zig:19   | P0WERM0DE: nice
 56822 | Zig:19   | P0WERM0DE: brooch
 56837 | Zig:20   | Entered Level 20 of a ziggurat
 56855 | Zig:20   | Arkorax: alright
 56855 | Zig:20   | Arkorax: its real
 56855 | Zig:20   | Flanowski: necro
 56855 | Zig:20   | Arkorax: mummy or undead
 56856 | Zig:20   | Flanowski: and its ez
 56859 | Zig:20   | kuniqs: plz be mummies
 56860 | Zig:20   | Noticed a greater mummy
 56870 | Zig:20   | Noticed a greater mummy
 56872 | Zig:20   | Noticed a greater mummy
 56874 | Zig:20   | Noticed a greater mummy
 56881 | Zig:20   | Noticed a greater mummy
 56887 | Zig:20   | Killed a greater mummy
 56892 | Zig:20   | Noticed a greater mummy
 56893 | Zig:20   | Killed a greater mummy
 56905 | Zig:20   | Killed a greater mummy
 56920 | Zig:20   | kuniqs: immolation plz
 56932 | Zig:20   | Pr0man: corrosion no
 56942 | Zig:20   | StormFighter: >corr
 56942 | Zig:20   | Reached skill level 18 in Earth Magic
 56946 | Zig:20   | Noticed a greater mummy
 56946 | Zig:20   | kuniqs: dispel undead no
 56946 | Zig:20   | Arkorax: have it
 56946 | Zig:20   | Arkorax: but its a little bussy
 56946 | Zig:20   | P0WERM0DE: use fog when you get low
 56946 | Zig:20   | P0WERM0DE: because smites
 56951 | Zig:20   | Arkorax: better weapon would help
 56951 | Zig:20   | HP: 71/266 [greater mummy/divine providence (9)]
 56956 | Zig:20   | Killed a greater mummy
 56962 | Zig:20   | HP: 71/266 [something (10)]
 56972 | Zig:20   | kuniqs: cancel that corrosion?
 56972 | Zig:20   | Arkorax: how?
 56973 | Zig:20   | kuniqs: !oCancellation?
 56973 | Zig:20   | kuniqs: (does it work? :D)
 56973 | Zig:20   | Arkorax: dont know
 56973 | Zig:20   | Flanowski: not in lich
 56973 | Zig:20   | Arkorax: ??corrosion
 56973 | Zig:20   | beem: acid[1/3]: May cause you to receive a level of the debuff "Corr". When something attempts to corrode you, it has a Corr_level/(Corr_level+9) chance to fail. Each level of Corr reduces your AC by 4 and gives -4 slaying. Goes away after enough time has passed. Corr(-4) means -4 slaying/-4 AC. Monsters get a non-stacking -8 ac, and have a 1/3 chance to be corroded when splashed.
 56973 | Zig:20   | Arkorax: ??corrosion[2
 56973 | Zig:20   | beem: acid[2/3]: The damage from "The acid burns!" (for players only) is 4 dice. Previously it was one die for every uncovered non-shield armour slot (50% chance if wearing a cloak), reduced by 20/40/60% for each level of the fur mutation, plus an extra 2 dice (regardless of fur/cloak). Dice are d5 for ranged acid, d3 for melee. Monsters take 2d4 from acidic melee (no extra from ranged).
 56973 | Zig:20   | kuniqs: ??cancellation
 56973 | Zig:20   | beem: potion of cancellation[1/3]: New potion in 0.15 that replaces {potion of paralysis}. Removes all magic effects + a few points of contam like scroll of vulnerability used to, without the -MR effect. Removes slow (including post berserk slow but not exh), conf, tele, petrifying, mark and more (but not flay/mesm/fear - YET). Read entry 2 for more.
 56973 | Zig:20   | StormFighter: ye it works
 56976 | Zig:20   | kuniqs: kewl
 57033 | Zig:20   | Killed a greater mummy
 57049 | Zig:20   | Killed a greater mummy
 57057 | Zig:20   | P0WERM0DE: theyre rare tho and you need em to cancel sap magic
 57099 | Zig:20   | HP: 72/266 [ushabti/dispel undead (13)]
 57102 | Zig:20   | Arkorax: fuck
 57111 | Zig:20   | HP: 73/266 [smoke demon/divine providence[a mummy priest] (10)]
 57115 | Zig:20   | kuniqs: somebody give this guy a demonspawn w' nightstalker, PBD, augmentation and gozag
 57115 | Zig:20   | Pr0man: ouch...
 57118 | Zig:20   | HP: 76/266 [emperor scorpion[a greater mummy] (12)]
 57123 | Zig:20   | HP: 47/266 [greater mummy (21)]
 57126 | Zig:20   | HP: 21/266 [mummy priest/divine providence (12)]
 57129 | Zig:20   | Pr0man: one of my DS had nightstalker... despire wearing heavy armor... ended in me stealthing in extremely heavy gear ;p
 57136 | Zig:20   | Pr0man: was fun
 57139 | Zig:20   | HP: 77/266 [ushabti/dispel undead (22)]
 57145 | Zig:20   | HP: 68/266 [emperor scorpion[a greater mummy] (11)]
 57151 | Zig:20   | HP: 64/266 [caustic shrike zombie[a mummy priest] (4)]
 57154 | Zig:20   | Arkorax: fuck off
 57154 | Zig:20   | Arkorax: im going
 57154 | Zig:20   | Pr0man: you better be... seems to dangerous
 57154 | Zig:20   | Pr0man: you get pummeled pretty hard
 57189 | Zig:20   | Killed a greater mummy
 57192 | Zig:20   | HP: 65/266 [ushabti/dispel undead (21)]
 57199 | Zig:20   | HP: 65/266 [mummy priest/divine providence (6)]
 57201 | Zig:20   | kuniqs: those coffins all have dispel
 57204 | Zig:20   | HP: 50/266 [smoke demon/divine providence[a mummy priest] (10)]
 57209 | Zig:20   | HP: 39/266 [freezing wraith[a mummy priest] (2)]
 57215 | Zig:20   | Arkorax: jesus
 57434 | Zig:20   | kuniqs: IMHO you should bring tree form here
 57457 | Zig:20   | Identified the amulet of the Six Realms {Dismiss *Contam rPois rN+ Dex+3} (You found it on level 20 of a ziggurat)
 57458 | Zig:20   | kuniqs: torment & dispel immune
 57464 | Zig:20   | P0WERM0DE: just need shatter
 57464 | Zig:20   | Reached skill level 18 in Spellcasting
 57464 | Zig:20   | Reached skill level 19 in Earth Magic
 57465 | Zig:20   | kuniqs: yep
 57465 | Zig:20   | Arkorax: how do you even zigg
 57465 | Zig:20   | Arkorax: well
 57466 | Zig:20   | Identified the ring of Neon {rElec rPois rC- Str+4 Stlth+} (You found it on level 20 of a ziggurat)
 57468 | Zig:20   | kuniqs: didn't you said no magic?
 57474 | Zig:20   | Identified The Lost Papyrus of the Greatest Mummy
 57475 | Zig:20   | P0WERM0DE: yea wear wiz ring + quaff brrillance next hard floor
 57475 | Zig:20   | Pr0man: why shatter and not any other schools big aoe?
 57475 | Zig:20   | Arkorax: fitting book haha
 57475 | Zig:20   | Arkorax: i dont do pure magic ;)
 57480 | Zig:20   | P0WERM0DE: DD has +3 earth
 57486 | Zig:20   | Flanowski: cuz shatter is wrecking mummies
 57487 | Zig:21   | Entered Level 21 of a ziggurat
 57494 | Zig:21   | kuniqs: oh look, a mottled dragon armour that might not suck
 57494 | Zig:21   | Pr0man: you can shatter mummies?
 57494 | Zig:21   | Arkorax: easy floor pls
 57511 | Zig:21   | Flanowski: yeah
 57511 | Zig:21   | Noticed an orb of fire
 57512 | Zig:21   | Arkorax: no
 57512 | Zig:21   | Pr0man: :D
 57512 | Zig:21   | kuniqs: ahaha
 57512 | Zig:21   | Arkorax: no
 57512 | Zig:21   | Arkorax: noooooo
 57513 | Zig:21   | Pr0man: :D:D:D
 57517 | Zig:21   | StormFighter: wew oofs
 57526 | Zig:21   | Pr0man: the fun begins
 57533 | Zig:21   | Noticed an orb of fire
 57534 | Zig:21   | Noticed an orb of fire
 57534 | Zig:21   | Killed an orb of fire
 57534 | Zig:21   | Reached skill level 21 in Transmutations
 57535 | Zig:21   | Noticed an orb of fire
 57537 | Zig:21   | Noticed an orb of fire
 57538 | Zig:21   | Gained mutation: You are dopey. (Int -2) [an orb of fire]
 57540 | Zig:21   | Gained mutation: Scrolls take you a little longer to read. [an orb of fire]
 57541 | Zig:21   | Noticed an orb of fire
 57543 | Zig:21   | Killed an orb of fire
 57543 | Zig:21   | Gained mutation: You are frail. (-10% HP) [an orb of fire]
 57544 | Zig:21   | Noticed an orb of fire
 57551 | Zig:21   | Killed an orb of fire
 57553 | Zig:21   | Gained mutation: Armour fits poorly on your strangely shaped body. [an orb of fire]
 57558 | Zig:21   | Killed an orb of fire
 57563 | Zig:21   | Gained mutation: Scrolls take you longer to read. [an orb of fire]
 57569 | Zig:21   | Killed an orb of fire
 57574 | Zig:21   | Noticed an orb of fire
 57575 | Zig:21   | Gained mutation: You tend to lose your temper in combat. [an orb of fire]
 57578 | Zig:21   | Lost mutation: You are dopey. (Int -2) [an orb of fire]
 57585 | Zig:21   | Gained mutation: You are occasionally teleported next to monsters. [an orb of fire]
 57586 | Zig:21   | Killed an orb of fire
 57586 | Zig:21   | Reached skill level 20 in Earth Magic
 57588 | Zig:21   | Gained mutation: Your magical capacity is low. (-10% MP) [an orb of fire]
 57589 | Zig:21   | Gained mutation: You are resistant to hostile enchantments. (MR+) [an orb of fire]
 57590 | Zig:21   | Gained mutation: You are clumsy. (Dex -2) [an orb of fire]
 57590 | Zig:21   | Gained mutation: Scrolls take you much longer to read. [an orb of fire]
 57592 | Zig:21   | Gained mutation: Your magical capacity is very low. (-20% MP) [an orb of fire]
 57598 | Zig:21   | Killed an orb of fire
 57604 | Zig:21   | Flanowski: he's better of with fire floor tahn mummy one :D
 57608 | Zig:21   | StormFighter: orb of fuel...
 57614 | Zig:21   | Killed an orb of fire
 57637 | Zig:21   | Arkorax: wew
 57646 | Zig:21   | kuniqs: dieselorb
 57646 | Zig:21   | Pr0man: time to look at the nasties they did
 57646 | Zig:21   | Arkorax: ahha
 57646 | Zig:21   | Pr0man: ouch...
 57646 | Zig:21   | Lost mutation: You are resistant to hostile enchantments. (MR+) [potion of cure mutation]
 57646 | Zig:21   | Lost mutation: You are clumsy. (Dex -2) [potion of cure mutation]
 57646 | Zig:21   | Lost mutation: You are occasionally teleported next to monsters. [potion of cure mutation]
 57646 | Zig:21   | Lost mutation: Your magical capacity is very low. (-20% MP) [potion of cure mutation]
 57646 | Zig:21   | Lost mutation: You tend to lose your temper in combat. [potion of cure mutation]
 57647 | Zig:21   | Lost mutation: Armour fits poorly on your strangely shaped body. [potion of cure mutation]
 57647 | Zig:21   | Lost mutation: You are frail. (-10% HP) [potion of cure mutation]
 57647 | Zig:21   | Lost mutation: Your magical capacity is low. (-10% MP) [potion of cure mutation]
 57647 | Zig:21   | Lost mutation: Scrolls take you much longer to read. [potion of cure mutation]
 57648 | Zig:21   | Pr0man: berserkitis
 57648 | Zig:21   | Lost mutation: Scrolls take you longer to read. [potion of cure mutation]
 57648 | Zig:21   | Lost mutation: Scrolls take you a little longer to read. [potion of cure mutation]
 57662 | Zig:21   | kuniqs: berserk tits
 57662 | Zig:21   | Identified the ring of Qeweor {*Tele Dex+5 Slay+5} (You found it on level 21 of a ziggurat)
 57676 | Zig:21   | StormFighter: wew
 57690 | Zig:21   | Pr0man: last thing you want in a zig imo
 57691 | Zig:22   | Entered Level 22 of a ziggurat
 57695 | Zig:22   | StormFighter: >+0
 57711 | Zig:22   | Arkorax: damn
 57711 | Zig:22   | StormFighter: wew tomb
 57718 | Zig:22   | Noticed an ancient lich
 57758 | Zig:22   | Killed an ancient lich
 57782 | Zig:22   | StormFighter: ah its crypt
 57795 | Zig:22   | Reached skill level 21 in Earth Magic
 57803 | Zig:22   | Pr0man: can one only do a zig with necromut?
 57817 | Zig:22   | Reached skill level 22 in Transmutations
 57890 | Zig:22   | kuniqs: i did 2 without
 57915 | Zig:22   | Flanowski: Gr can
 57915 | Zig:22   | kuniqs: and without magic, too
 57915 | Zig:22   | Arkorax: obsidian axe
 57915 | Zig:22   | Arkorax: hm hm
 57918 | Zig:22   | Pr0man: Gr? really? how that?
 57928 | Zig:22   | Identified the Almanac of Destructive Envenoming
 57933 | Zig:22   | Identified the +1 plate armour "Vosm" {rN+++ MR+++ Int-3 Slay-6} (You found it on level 22 of a ziggurat)
 57934 | Zig:22   | Arkorax: ew
 57934 | Zig:22   | kuniqs: hit very hard
 57934 | Zig:22   | Pr0man: I mean you get torment resist and the likes, but is that enough?
 57934 | Zig:22   | Arkorax: rTorm
 57934 | Zig:22   | Arkorax: Gr has rTorm
 57934 | Zig:22   | Arkorax: and high AC
 57947 | Zig:22   | StormFighter: gr can, u need only nice axe and 27 axe skill
 57947 | Zig:22   | Flanowski: ye
 57951 | Zig:22   | Pr0man: huh..
 57951 | Zig:22   | Pr0man: okay
 57994 | Zig:22   | Pr0man: What about Vampire or mummies? as they should be torment immune to begin with? atleast vampires in bloodless status
 57995 | Zig:23   | Entered Level 23 of a ziggurat
 58009 | Zig:23   | Noticed Gugop the pandemonium lord
 58011 | Zig:23   | kuniqs: you can also have 27 throwing, a +9 blowgun, 100s of needles of frenzy and shoot every tormentor in sight
 58011 | Zig:23   | Arkorax: nooo
 58011 | Zig:23   | Pr0man: Pan! woo
 58011 | Zig:23   | Flanowski: arent mummies challenge bc ?
 58011 | Zig:23   | Arkorax: why all bad floors
 58011 | Zig:23   | Arkorax: no its chaos
 58016 | Zig:23   | Noticed Zoocw the pandemonium lord
 58016 | Zig:23   | Noticed Binuh the pandemonium lord
 58019 | Zig:23   | Noticed Puwk the pandemonium lord
 58023 | Zig:23   | Noticed Xatre the pandemonium lord
 58023 | Zig:23   | P0WERM0DE: quaff now
 58027 | Zig:23   | Noticed Olei the pandemonium lord
 58030 | Zig:23   | Noticed Ninov the pandemonium lord
 58031 | Zig:23   | Noticed Pusulinni the pandemonium lord
 58034 | Zig:23   | Noticed Afewk the pandemonium lord
 58034 | Zig:23   | Killed Binuh the pandemonium lord
 58035 | Zig:23   | Noticed Qaethik the pandemonium lord
 58035 | Zig:23   | HP: 77/266 [Puwk the pandemonium lord (8)]
 58036 | Zig:23   | Pr0man: ouch
 58036 | Zig:23   | StormFighter: 6 panlords!
 58036 | Zig:23   | kuniqs: milk for the corn flakes
 58036 | Zig:23   | Arkorax: lol
 58036 | Zig:23   | P0WERM0DE: before you cant anymore
 58036 | Zig:23   | Pr0man: that looks like it hurt
 58036 | Zig:23   | Arkorax: ass whooped
 58036 | Zig:23   | P0WERM0DE: too late
 58036 | Zig:23   | StormFighter: or 7
 58036 | Zig:23   | P0WERM0DE: id skip this
 58036 | Zig:23   | kuniqs: where's your haste private!
 58036 | Zig:23   | Arkorax: well
 58036 | Zig:23   | StormFighter: or 8
 58036 | Zig:23   | Noticed Gulipn the pandemonium lord
 58036 | Zig:23   | Noticed Ranoexux the pandemonium lord
 58038 | Zig:23   | StormFighter: weell 9
 58038 | Zig:23   | Pr0man: what's the DChan status?
 58038 | Zig:23   | Pr0man: that's new to me
 58039 | Zig:23   | Arkorax: death channel
 58039 | Zig:23   | Flanowski: death channel
 58047 | Zig:23   | kuniqs: the chan
 58048 | Zig:24   | Entered Level 24 of a ziggurat
 58054 | Zig:24   | kuniqs: /d/
 58057 | Zig:24   | Arkorax: if i survive this zigg
 58057 | Zig:24   | Arkorax: im going straight to zot and home
 58072 | Zig:24   | P0WERM0DE: ^^
 58072 | Zig:24   | Arkorax: yesssssssssss
 58072 | Zig:24   | Arkorax: too low on shit
 58072 | Zig:24   | Pr0man: merfolk? an easy floor for once?
 58090 | Zig:24   | kuniqs: define 'easy' for here
 58090 | Zig:24   | Flanowski: Nah, he will figth in water
 58099 | Zig:24   | StormFighter: flight would be nice
 58102 | Zig:24   | Pr0man: no hellfire / tormenting bs everywhere
 58106 | Zig:24   | Pr0man: is easy for me usually
 58111 | Zig:24   | Arkorax: wtf
 58111 | Zig:24   | kuniqs: as you see, he's losing an 'easy' floor
 58122 | Zig:24   | Pr0man: man... the game either has drastically changed, or something is totally wrong
 58123 | Zig:24   | StormFighter: cz he fighting not near the corner
 58125 | Zig:24   | Reached skill level 22 in Earth Magic
 58150 | Zig:24   | kuniqs: he's charging a phalanx
 58154 | Zig:24   | Arkorax: last floor is mummy floor 100%
 58178 | Zig:24   | StormFighter: or panlords again :V
 58178 | Zig:24   | Flanowski: how many floors do zig have ? 25 or 27
 58179 | Zig:24   | Arkorax: 27
 58179 | Zig:24   | StormFighter: 27
 58191 | Zig:24   | Arkorax: whole game
 58191 | Zig:24   | Flanowski: thx
 58191 | Zig:24   | Arkorax: no exe axe
 58191 | Zig:24   | Arkorax: smh
 58204 | Zig:24   | Pr0man: what's with all the ghosts?
 58205 | Zig:24   | Arkorax: no acq scroll too\
 58205 | Zig:24   | Arkorax: death channel
 58216 | Zig:24   | Pr0man: I should really read onto those spells
 58221 | Zig:24   | Got a scorched platinum ring
 58269 | Zig:24   | StormFighter: well u must have get obs axe and a nice shield then, y u missed that
 58274 | Zig:24   | Flanowski: True, i skipped on magic for too long
 58276 | Zig:24   | Identified the cursed +0 cloak of Creativity {-Cast Int+2 Dex+4} (You found it on level 24 of a ziggurat)
 58278 | Zig:24   | Flanowski: No wi need to learn to use misc evocables and im good to go
 58280 | Zig:25   | Entered Level 25 of a ziggurat
 58281 | Zig:25   | Arkorax: wel
 58281 | Zig:25   | kuniqs: you need a better amulet methinks
 58281 | Zig:25   | Arkorax: place bets
 58281 | Zig:25   | Arkorax: what is it
 58298 | Zig:25   | StormFighter: orc
 58299 | Zig:25   | StormFighter: EZ
 58299 | Zig:25   | StormFighter: !!!
 58299 | Zig:25   | StormFighter: !!!
 58299 | Zig:25   | Arkorax: yesssssssssssssss
 58299 | Zig:25   | kuniqs: keep in corner
 58301 | Zig:25   | Noticed a juggernaut
 58301 | Zig:25   | Noticed a juggernaut
 58305 | Zig:25   | Noticed a juggernaut
 58308 | Zig:25   | Noticed a juggernaut
 58310 | Zig:25   | StormFighter: im a prophet
 58312 | Zig:25   | Killed a juggernaut
 58317 | Zig:25   | HP: 36/266 [juggernaut (85)]
 58317 | Zig:25   | HP: 15/266 [juggernaut (21)]
 58317 | Zig:25   | kuniqs: stupid berserking juggernauts
 58318 | Zig:25   | kuniqs: dumbass
 58318 | Zig:25   | Pr0man: OUCH
 58318 | Zig:25   | StormFighter: and ure ded
 58318 | Zig:25   | Arkorax: hm
 58318 | Zig:25   | Arkorax: hm
 58318 | Zig:25   | Flanowski: ow
 58318 | Zig:25   | Arkorax: hm
 58318 | Zig:25   | Pr0man: Holy cow
 58318 | Zig:25   | Flanowski: blink asap
 58319 | Zig:25   | Arkorax: lmao
 58319 | Zig:25   | kuniqs: 4 smiters in los
 58322 | Zig:25   | HP: 79/266 [soul eater/drain life[an orc high priest] (1)]
 58324 | Zig:25   | HP: 38/266 [stone giant/large rock (5)]
 58325 | Zig:25   | Noticed a juggernaut
 58325 | Zig:25   | Noticed a juggernaut
 58326 | Zig:25   | kuniqs: why are you not hasted
 58328 | Zig:25   | kuniqs: jesus f christ on a pogo stick dildo
 58337 | Zig:25   | P0WERM0DE: tele scroll
 58338 | Zig:25   | HP: 25/266 [juggernaut (62)]
 58340 | Zig:25   | P0WERM0DE: too late
 58341 | Zig:25   | P0WERM0DE: wow man ;P
 58342 | Zig:25   | StormFighter: if ull die that would be one of the most stupid deaths ever :V
 58342 | Zig:25   | Arkorax: no pls
 58346 | Zig:25   | Noticed a juggernaut
 58346 | Zig:25   | HP: 29/266 [juggernaut (20)]
 58347 | Zig:25   | Noticed a juggernaut
 58347 | Zig:25   | Pr0man: x.x
 58347 | Zig:25   | P0WERM0DE: ~~
 58347 | Zig:25   | kuniqs: get in a fucking corner
 58347 | Zig:25   | StormFighter: now ded
 58347 | Zig:25   | Arkorax: nice tele
 58347 | Zig:25   | Arkorax: hahaha
 58347 | Zig:25   | Pr0man: this tele
 58352 | Zig:25   | Noticed a juggernaut
 58359 | Zig:25   | Arkorax: hmmm
 58359 | Zig:25   | StormFighter: wew
 58359 | Zig:25   | P0WERM0DE: wait
 58359 | Zig:25   | Arkorax: ?
 58359 | Zig:25   | Pr0man: ugh...
 58359 | Zig:25   | P0WERM0DE: any chance for shatter now?
 58359 | Zig:25   | Pr0man: dude, can you stop giving me near-heart attacks?
 58359 | Zig:25   | P0WERM0DE: yea
 58359 | Zig:25   | Flanowski: kek
 58359 | Zig:25   | Arkorax: zus
 58359 | Zig:25   | Arkorax: we lives
 58359 | Zig:25   | P0WERM0DE: just shatter those
 58360 | Zig:25   | StormFighter: he can just shatter that shit out
 58361 | Zig:25   | P0WERM0DE: dont get near jug
 58381 | Zig:25   | Flanowski: or focus moths
 58381 | Zig:25   | Killed a juggernaut
 58382 | Zig:25   | Killed a juggernaut
 58382 | Zig:25   | Killed a juggernaut
 58383 | Zig:25   | Killed a juggernaut
 58383 | Zig:25   | Reached skill level 19 in Spellcasting
 58383 | Zig:25   | Reached skill level 23 in Earth Magic
 58383 | Zig:25   | Pr0man: wtf
 58384 | Zig:25   | Killed a juggernaut
 58384 | Zig:25   | Killed a juggernaut
 58385 | Zig:25   | Flanowski: Shatter ftw
 58385 | Zig:25   | Arkorax: lmao
 58385 | Zig:25   | Arkorax: ty power
 58386 | Zig:25   | StormFighter: rofl
 58387 | Zig:25   | Pr0man: WHAT THE ACTUAL F?!
 58390 | Zig:25   | Pr0man: Screw that, next char is EE
 58395 | Zig:25   | Reached skill level 23 in Transmutations
 58396 | Zig:25   | Killed a juggernaut
 58399 | Zig:25   | Killed a juggernaut
 58421 | Zig:25   | Identified 2 scrolls of acquirement
 58427 | Zig:25   | StormFighter: eziest floor
 58427 | Zig:25   | Flanowski: Shatter deals double dmg to juggs, it barely scratches flyers tho
 58427 | Zig:25   | Arkorax: after 69 years
 58427 | Zig:25   | Arkorax: acquirement
 58427 | Zig:25   | P0WERM0DE: yea your defs are too bad for meleeing for now id say and no vamp
 58427 | Zig:25   | Flanowski: so care with your ee
 58427 | Zig:25   | Arkorax: last scroll of them all
 58429 | Zig:25   | P0WERM0DE: AC not enough
 58433 | Zig:25   | P0WERM0DE: and gdr
 58434 | Zig:25   | kuniqs: double dmg to juggs? is that sarcasm?
 58436 | Zig:25   | StormFighter: >ac 36
 58436 | Zig:25   | Got a pitted executioner's axe
 58437 | Zig:25   | StormFighter: >dd
 58437 | Zig:25   | Identified the +9 executioner's axe of Wrath {freeze, Int+8 Dex-2} (You acquired it on level 25 of a ziggurat)
 58438 | Zig:25   | Arkorax: yesss
 58438 | Zig:25   | Identified the +3 battleaxe "Pism" {chop, rF+ MP+9 Str-2} (You acquired it on level 25 of a ziggurat)
 58439 | Zig:25   | kuniqs: mice are very nice
 58439 | Zig:25   | StormFighter: btw now ez 26 27 floors
 58443 | Zig:25   | Identified the Collected Works on Weightlessness
 58448 | Zig:25   | Reached skill level 24 in Earth Magic
 58455 | Zig:25   | kuniqs: it can't get any worse, can it
 58459 | Zig:25   | Identified Ihaimis's Disquisition on Companions
 58477 | Zig:25   | Pr0man: exec axe of freezing +9? ez fight inc
 58477 | Zig:25   | Flanowski: Arent they affected by shatter stone bonus ?
 58477 | Zig:25   | Arkorax: we lives boys
 58478 | Zig:26   | Entered Level 26 of a ziggurat
 58525 | Zig:26   | Arkorax: elf
 58525 | Zig:26   | Arkorax: shatter
 58542 | Zig:26   | kuniqs: what is shatter stone bonus?
 58550 | Zig:26   | Flanowski: its 3x for petrified, 2x for stone based
 58558 | Zig:26   | Flanowski: according to wiki
 58571 | Zig:26   | StormFighter: its like leda
 58572 | Zig:26   | kuniqs: neither stone giants nor juggs are stone based
 58589 | Zig:26   | StormFighter: ??juggernaut
 58590 | Zig:26   | beem: juggernaut[1/1]: They hit extremely hard (120 max damage!) and have very high AC and HP. They also move fast. However, they swing very slowly. Make the most of the time you get after a swing.
 58597 | Zig:26   | Flanowski: sorry, 4x petri
 58607 | Zig:26   | kuniqs: stone based are things you can cast lee's on
 58644 | Zig:26   | kuniqs: skeletons, golems, simulacra
 58652 | Zig:26   | Reached skill level 25 in Earth Magic
 58661 | Zig:26   | StormFighter: ye
 58661 | Zig:26   | Arkorax: looking forward to consumabless extended
 58752 | Zig:26   | StormFighter: stone giant looks stone based still
 58753 | Zig:26   | Gained mutation: You have sharp toenails. [potion of beneficial mutation]
 58755 | Zig:26   | StormFighter: ??stone giant
 58756 | Zig:26   | beem: stone giant[1/3]: Like a speed 10 cyclops that hits much harder.
 58756 | Zig:26   | Identified Sif Muna's Guide on Congealing Confrontation
 58759 | Zig:26   | Flanowski: oh, it looked kinda obv that stone giants and juggs are stone based
 58778 | Zig:26   | StormFighter: ??stone giant[2
 58778 | Zig:26   | Identified the amulet of Hefaumni {Spirit rPois Str+4 SInv Stlth+} (You found it on level 26 of a ziggurat)
 58779 | Zig:26   | Flanowski: you learn every day
 58779 | Zig:26   | beem: stone giant[2/3]: Like a cyclops if it's WIELDING a cyclops, maybe. A cyclops with a giant spiked club.
 58779 | Zig:26   | kuniqs: 100$ on chaotic
 58780 | Zig:26   | StormFighter: ??stone giant[3
 58780 | Zig:26   | beem: stone giant[3/3]: biclops
 58828 | Zig:26   | StormFighter: fuk bem
 58829 | Zig:27   | Entered Level 27 of a ziggurat
 58848 | Zig:27   | StormFighter: @?stone giant
 58848 | Zig:27   | StormFighter: @?stone giant
 58848 | Zig:27   | Arkorax: ??
 58848 | Zig:27   | StormFighter: @?stone giant
 58848 | Zig:27   | Arkorax: ranged floor?
 58850 | Zig:27   | StormFighter: bem u drunk go home
 58853 | Zig:27   | kuniqs: proving once again that 3rd edition Rangers suuuuuck
 58859 | Zig:27   | Reached skill level 24 in Transmutations
 58870 | Zig:27   | Reached skill level 26 in Earth Magic
 58885 | Zig:27   | Arkorax: ez
 58896 | Zig:27   | Flanowski: Now you can shatter the tomb
 58896 | Zig:27   | StormFighter: ez zig
 58951 | Zig:27   | StormFighter: go next
 59017 | Zig:27   | Gained mutation: You are resistant to hostile enchantments. (MR+) [potion of beneficial mutation]
 59018 | Zig:27   | P0WERM0DE: gz
 59023 | Zig:27   | Flanowski: wp
 59023 | Zig:27   | Pr0man: gratz on the finished zig
 59023 | Zig:27   | Arkorax: DOne???
 59023 | Zig:27   | Arkorax: wowo
 59023 | Zig:27   | Arkorax: ty
 59023 | Zig:27   | kuniqs: do zot with that axe pls
 59023 | Zig:27   | Arkorax: YESS
 59023 | Zig:27   | Arkorax: ITS OVER
 59023 | Zig:27   | Arkorax: MY DREAMS LIVE ON
 59037 | Zig:27   | Identified Vafoezom's Tome of Execration and Summoning
 59053 | Zig:27   | Identified the ring "Heko" {Str+3 Int+4 Dex+2 SInv} (You found it on level 24 of a ziggurat)
 59056 | Zig:27   | Arkorax: extended now
 59056 | Zig:27   | Pr0man: figurine of a ziggurat?
 59056 | Zig:27   | Arkorax: creates another zig
 59056 | Zig:27   | Pr0man: lol
 59056 | Zig:27   | Arkorax: harder ofc
 59056 | Zig:27   | StormFighter: ye its another zig
 59056 | Zig:27   | kuniqs: you haven't played in a long time I see
 59056 | Zig:27   | Arkorax: max earth?
 59057 | Zig:27   | Flanowski: wowo i thought its nothing
 59063 | Zig:27   | Pr0man: so you can have infinite zigs potentially?
 59075 | Depths:2 | Pr0man: I have plyaed a couple times here and then.. but not extended
 59075 | Depths:2 | Arkorax: zea
 59075 | Depths:2 | Arkorax: there is a guy
 59075 | Depths:2 | Arkorax: casual
 59075 | Depths:2 | kuniqs: max invo so you can be the ChAmPiOn Of ChAoS
 59075 | Depths:2 | Arkorax: he is on his like 50th zig
 59075 | Depths:2 | Arkorax: ok
 59075 | Depths:2 | StormFighter: 52nd*
 59508 | Zot:3    | Pr0man: what?
 59516 | Zot:3    | Reached skill level 23 in Axes
 59526 | Zot:3    | Pr0man: 52 zigs in one game?
 59526 | Zot:3    | Arkorax: zigg
 59535 | Zot:3    | StormFighter: ye
 59535 | Zot:3    | Arkorax: yea
 59574 | Zot:3    | Pr0man: are you nuts?
 59619 | Zot:3    | Reached skill level 14 in Invocations
 59768 | Zot:3    | Reached skill level 20 in Armour
 59778 | Zot:3    | StormFighter: &dump casual
 59975 | Zot:3    | beem: http://CRAWL.XTAHUA.COM/crawl/morgue/casual/casual.txt
 59977 | Zot:3    | kuniqs: there was one guy who did like 200 before his game was axed by a server error
 59989 | Zot:3    | Reached skill level 18 in Dodging
 60175 | Zot:3    | StormFighter: ye its that game
 60180 | Zot:3    | StormFighter: just look
 60229 | Zot:4    | StormFighter: well maybe its 42
 60229 | Zot:4    | StormFighter: mistaken
 60230 | Zot:4    | HP: 67/266 [moth of wrath (14)]
 60230 | Zot:4    | Flanowski: Noticed an ancient lich
 60230 | Zot:4    | HP: 33/266 [golden dragon (19)]
 60230 | Zot:4    | HP: 7/266 [green draconian/dire flail (17)]
 60231 | Zot:4    | Flanowski: x 99
 60231 | Zot:4    | Flanowski: id shit my pants
 60231 | Zot:4    | Arkorax: lolwut
 60231 | Zot:4    | StormFighter: wew
 60380 | Zot:3    | Noticed an orb of fire
 60380 | Zot:3    | Flanowski: tabstorm intensifies
 60380 | Zot:3    | Arkorax: rly
 60389 | Zot:3    | Killed an orb of fire
 60397 | Zot:3    | Pr0man: tab and pray, usually my game with Vs characters
 60397 | Zot:3    | Arkorax: yea haha
 60618 | Zot:4    | Flanowski: Try transmuter Vs
 60618 | Zot:4    | Flanowski: lotsa fun
 60618 | Zot:4    | Pr0man: VsMo
 60618 | Zot:4    | Pr0man: my first win
 60618 | Zot:4    | Pr0man: which is sad
 60627 | Zot:4    | Flanowski: MiFi, my only win
 60627 | Zot:4    | Arkorax: well
 60627 | Zot:4    | Arkorax: gtg guys
 60627 | Zot:4    | StormFighter: i did vsmo chei some days ago
 60627 | Zot:4    | Arkorax: will do extended
 60627 | Zot:4    | StormFighter: 15 ofc
 60629 | Zot:4    | kuniqs: bye
 60642 | Zot:4    | Flanowski: usually tab wins in my gams
 60642 | Zot:4    | Pr0man: oh, okay
 60642 | Zot:4    | Pr0man: cya man
 60642 | Zot:4    | Flanowski: cya
 60642 | Zot:4    | StormFighter: cya
 60642 | Zot:4    | Arkorax: cya guys
 60642 | Zot:4    | Pr0man: guess i have to try my luck then...
 60642 | Zot:4    | Arkorax: cya >)
 60642 | Zot:4    | Pr0man: cya
 60642 | Zot:4    | Arkorax: *:)
 60642 | Zot:4    | Upgraded the game from 0.19-a0-1823-g21c7ecd to 0.19-a0-1831-gd4c818f
 60800 | Zot:4    | Reached skill level 15 in Invocations
 60852 | Zot:4    | Found an iron altar of Okawaru.
 60951 | Zot:4    | Found a hide-covered altar of Uskayaw.
 61171 | Depths:3 | Learned a level 5 spell: Aura of Abjuration
 61550 | Zot:5    | Entered Level 5 of the Realm of Zot
 61552 | Zot:5    | Noticed an ancient lich
 61553 | Zot:5    | Killed an ancient lich
 61566 | Zot:5    | Noticed an orb of fire
 61694 | Zot:4    | Gained mutation: Your body sometimes deteriorates upon taking damage. [an orb of fire]
 61709 | Zot:4    | Killed an orb of fire
 61760 | Zot:5    | Reached skill level 20 in Fighting
 61842 | Zot:5    | HP: 41/268 [Orb Guardian (44)]
 61846 | Zot:5    | HP: 17/268 [Orb Guardian (24)]
 61847 | Zot:5    | HP: 2/268 [Orb Guardian (15)]
 61849 | Zot:5    | Demolished by an Orb Guardian

Vault maps used:
D:1:      dpeg_cavernosity, nrook_loot_triangle, st_stairs_13
D:3:      old_standard_altar, first_bread, ecumenical_altar_2,
          minmay_divided_ellipse
D:4:      minmay_diamond_boxcup, serial_shops, shop, nicolae_shop_behind_doors,
          kennysheep_mini_moat, nicolae_shop_trees
D:5:      serial_shops, nicolae_shop_statue_plus, basic_altar, led_sif_pool
D:7:      serial_bayou, serial_bayou_crossing, serial_bayou_lake_a,
          serial_bayou_lagoon_a, serial_bayou_lagoon_b, enter_bailey_3
D:8:      kennysheep_mini, lemuel_round_altar, hangedman_little_slice_of_home,
          basic_loot_grate_trap, chei_slow_surprise
D:9:      basic_altar, hangedman_decor_growths, lemuel_another_geyser
D:10:     lair_0_dummy
D:11:     minmay_guarded_unrand_resistance
D:12:     erik_orc_4, basic_altar, serial_shops, shop, onia_ninara_cookie
D:13:     serial_column_ruins, column_ruins_hut_water,
          column_ruins_corridor_plus, column_ruins_corridor_straight,
          column_ruins_open_small_water
D:14:     david_vaults_4, grunt_decor_one_mirror
D:15:     grunt_enter_depths_hoard, grunt_dithmenos_smoke, basic_altar,
          evilmike_butchery
Temple:   nicolae_temple_no_exploring_needed
Lair:1:   minivault_23, uniq_harold, uniq_gastronok
Lair:2:   kennysheep_abandoned_house, portal_ice_cave_entry_pillars_2,
          hibernation_bobbens, grunt_megastairs_5
Lair:3:   minmay_lair_oklob_tunnel, dummy_snake_entry, serial_bayou_pond_e,
          minivault_29, grunt_megastairs_1, uniq_fannar
Lair:4:   minmay_shoals_entry_beasts, beast_lair_carwin_6
Lair:5:   lightli_volcano_entry_magma_tube, infiniplex_staircase_pool_2,
          grunt_megastairs_2, serial_bayou_shore_a
Lair:6:   evilmike_catoblepas_cave, slime_altar_1, uniq_rupert
Shoals:1: nicolae_shoals_loop_pool
Shoals:3: cheibrodos_shoals_oceanic_diplomacy, lemuel_oklob_altar
Shoals:4: shoals_end_hangedman, shoals_ilsuiw_ice
Snake:1:  grunt_ministairs_2, guppyfry_snake_island, uniq_aizul, uniq_nikola,
          uniq_frances
Snake:2:  uniq_jorgrun
Snake:4:  snake_pit_salamanders_mu
Slime:4:  uniq_dissolution
Orc:1:    nicolae_orc_accident_3
Orc:2:    grunt_orc_cross
Elf:1:    minmay_elf_necromancy, sword_in_stone, roderic_lattice_octagonal_star
Elf:2:    serial_shops, shop, nicolae_shop_overgrown_old_shop,
          nicolae_shop_temple_entry_statues_fountains, st_stairs_5, uniq_louise,
          uniq_saint_roka
Elf:3:    minmay_elf_hall_circle, serial_shops, shop, uniq_bai_suzhen
Vaults:1: v_alt_pattern_4, st_greater_box_5, vaults_room_large_hall, v_rooms_6,
          nicolae_vaults_circle_grid_b, hangedman_vaults_trim,
          nicolae_vaults_alarming, hangedman_vaults_trim, vaults_dpeg_cross,
          vaults_room_pools
Vaults:2: nicolae_vaults_arrows, grunt_vaults_focal,
          ontoclasm_vaults_ring_small, ontoclasm_vaults_bender,
          vaults_room_glass_cross, vaults_dpeg_encased_lava,
          ontoclasm_vaults_fault, nicolae_vaults_angled_halls, v_misc_11,
          vaults_room_hallway, nicolae_vaults_asterisk, vaults_standard_mumra_x,
          vaults_room_hallway, hangedman_vaults_nodes,
          vaults_standard_mumra_enter_the_diamond, v_alt_pattern_1
Vaults:3: v_pattern_3, minmay_crypt_entry_simple_statues,
          nicolae_vaults_holding_cells, ontoclasm_vaults_hangar,
          vaults_room_stairs_pillars, nicolae_vaults_asterisk,
          portal_desolation_entry_ruin, serial_shops, shop, shop_statue,
          nicolae_shop_stone, nicolae_shop_window_shopping, shop
Vaults:4: vaults_room_pool, nicolae_vaults_border_crossing,
          nicolae_vaults_sealed_display, vaults_room_pool, vaults_dpeg_spiral,
          nicolae_vaults_bisected_slash, ontoclasm_vaults_claustrophobia,
          hangedman_vaults_maws, v_misc_4, st_check, vaults_room_semicircle,
          uniq_xtahua, uniq_margery, uniq_mara
Crypt:1:  cheibrodos_crypt_eye_of_stone, minmay_misc_feat_cross
Crypt:3:  evilmike_haunted_forest
Depths:1: hangedman_geh_valley, minmay_strange_pillars, serial_bayou_pond_b,
          st_stairs_14, eino_small_chamber_without_monster, spider_trap,
          serial_sigils_hangedman_quiver, tgw_lugonu_bribe, minmay_shop_star
Depths:2: evilmike_cross, enter_ziggurat_f, grunt_decor_mini_mirrors,
          abyss_entry, hell_entry, infiniplex_staircase_split_hallway
Depths:3: kennysheep_gozag_temple, hangedman_coc_ice_floe,
          grunt_pan_entry_sceptre, hangedman_summoners_spam, uniq_sojobo
Depths:4: lemuel_river_lethe, hell_entry, abyss_entry
Depths:5: grunt_zot_entry_tricorne, hellmouth_1, minmay_fountain_box,
          minmay_serpent_palace, serial_bayou_shore_b, uniq_jory
Zot:1:    nicolae_zot_draconian_monastery, st_single_dragon_hoard_3
Zot:2:    lemuel_lake_of_fire
Zot:4:    lemuel_draconian_sentries, hangedman_feature_mirror,
          lemuel_baited_zot_trap
Abyss:2:  evilmike_abyss_exit_glass
Abyss:4:  doesnt_abyss_rune_brain_food
Zig:5:    ziggurat_pillar_centre_oklobs
Zig:10:   ziggurat_pillar_centre_dead_trees
Zig:12:   ziggurat_pillar_centre_c
Zig:25:   ziggurat_pillar_centre_smoke
IceCv:    ice_cave_statue_garden_chambered
Volcano:  volcano_grotto

Skill      XL: |  1  2  3  4  5  6  7  8  9 10 11 12 13 14 15 16 17 18 19 20 21 22 23 24 25 26 27 |
---------------+----------------------------------------------------------------------------------+-----
Fighting       | 2 3 4 5 6 7 9 10 12 13 14 15 16 17 18 19 20 | 20.0
Axes           | 4 5 6 8 9 11 13 15 16 17 18 19 20 21 22 23 | 23.6
Dodging        | 4 6 9 11 13 14 16 17 18 | 18.8
Armour         | 1 2 3 5 6 8 10 11 13 14 16 17 18 19 20 | 20.6
Invocations    | 7 11 13 15 | 15.7
Spellcasting   | 4 8 11 12 13 14 19 | 19.7
Necromancy     | 7 12 15 17 19 23 | 23.3
Transmutations | 4 10 13 24 | 24.2
Earth Magic    | 26 | 26.2
Throwing       | |  1.7

Action                   |  1- 3 |  4- 6 |  7- 9 | 10-12 | 13-15 | 16-18 | 19-21 | 22-24 | 25-27 || total
-------------------------+-------+-------+-------+-------+-------+-------+-------+-------+-------++-------
Melee: War axe           |   108 |   169 |   489 |   215 |       |       |       |       |       ||   981
       Battleaxe         |       |       |       |   374 |  1250 |  1297 |  1542 |  1544 |  4039 || 10046
       Morningstar       |       |       |       |     5 |       |       |       |       |       ||     5
       Executioner's axe |       |       |       |       |       |       |       |       |   454 ||   454
Throw: Javelin           |       |       |       |     2 |       |       |       |       |       ||     2
 Cast: Repel Missiles    |       |       |       |       |       |       |       |       |     4 ||     4
       Shatter           |       |       |       |       |       |       |       |       |    29 ||    29
       Song of Slaying   |       |       |       |       |       |       |       |       |    27 ||    27
       Necromutation     |       |       |       |       |       |       |       |       |    16 ||    16
       Death Channel     |       |       |       |       |       |       |       |       |    13 ||    13
       Blink             |       |       |       |       |       |       |       |       |     7 ||     7
       Spectral Weapon   |       |       |       |       |       |       |       |       |     1 ||     1
Invok: Lesser Servant of |       |       |       |     3 |       |       |       |       |       ||     3
       Greater Servant o |       |       |       |       |       |       |     3 |     1 |     6 ||    10
       Major Destruction |       |       |       |       |       |       |     1 |       |       ||     1
 Abil: Device Recharging |       |     2 |     4 |     4 |       |     2 |       |     1 |     2 ||    15
       End Transformatio |       |       |       |       |       |       |       |       |     4 ||     4
Evoke: Wand              |     1 |     4 |    33 |    36 |     3 |    10 |     4 |    15 |    68 ||   174
  Use: Scroll            |       |     5 |       |    26 |    11 |     7 |     5 |    10 |    71 ||   135
       Potion            |       |       |       |     3 |     1 |     1 |       |     3 |    38 ||    46
 Stab: Sleeping          |     3 |     1 |       |       |       |       |       |       |       ||     4
       Confused          |       |       |     2 |       |       |       |       |       |       ||     2
       Invisible         |       |       |       |     4 |       |       |       |       |     1 ||     5
       Petrified         |       |       |       |       |     2 |       |       |       |       ||     2
       Distracted        |       |       |       |       |       |       |     1 |       |    23 ||    24
       Petrifying        |       |       |       |       |       |       |       |       |     2 ||     2
       Paralysed         |       |       |       |       |       |       |       |       |     1 ||     1
  Eat: Chunk             |       |     5 |     7 |     6 |    10 |     2 |     5 |     5 |     8 ||    48
       Meat ration       |       |       |     1 |     2 |       |       |     2 |     3 |    10 ||    18
       Bread ration      |       |       |       |     1 |     5 |     5 |     1 |     3 |     3 ||    18
       Pizza             |       |       |       |       |       |       |     2 |     2 |     6 ||    10
       Fruit             |       |       |       |       |       |       |     4 |       |       ||     4
Armor: Leather armour    |    25 |    20 |       |       |       |       |       |       |       ||    45
       Chain mail        |       |    66 |       |   165 |   716 |       |       |       |       ||   947
       Plate armour      |       |       |   337 |   253 |       |       |       |       |       ||   590
       Ice dragon armour |       |       |       |       |    35 |   804 |   659 |   848 |  2872 ||  5218
Dodge: Dodged            |    99 |   124 |   242 |   298 |   599 |   662 |  1189 |  1342 |  4778 ||  9333
       Deflected         |       |       |       |       |       |       |       |       |    37 ||    37
Block: Other             |       |       |       |       |       |       |    98 |   237 |  1231 ||  1566
       Reflection        |       |       |       |       |       |       |    10 |    23 |    81 ||   114

Table legend:
 A = Turns spent in this place as a percentage of turns spent in the entire game.
 B = Non-inter-level travel turns spent in this place as a percentage of non-inter-level travel turns spent in the entire game.
 C = Inter-level travel turns spent in this place as a percentage of turns spent in this place.
 D = Turns resting spent in this place as a percentage of non-inter-level travel turns spent in this place.
 E = Turns spent auto-exploring this place as a percentage of non-inter-level travel turns spent in this place.
 F = Non-inter-level travel turns spent in this place divided by the number of levels of this place that you've seen.
                   A       B       C       D       E      F
               +-------+-------+-------+-------+-------+----------------------
         Total | 100.0 | 100.0 |   0.5 |   0.4 |   7.7 | 392.5
       Dungeon |  15.7 |  15.6 |   1.0 |   0.3 |  10.0 | 376.3
        Temple |   0.0 |   0.0 |  10.0 |   0.0 |   0.0 |   9.0
          Lair |   6.7 |   6.7 |   0.5 |   0.3 |  10.3 | 405.5
        Shoals |   4.9 |   4.9 |   0.3 |   0.0 |   9.8 | 446.0
     Snake Pit |   7.1 |   7.1 |   0.5 |   0.4 |   8.9 | 638.0
    Slime Pits |   1.6 |   1.6 |   0.3 |   0.5 |   0.5 | 115.2
  Orcish Mines |   2.4 |   2.4 |   0.2 |   0.6 |  10.1 | 427.0
   Elven Halls |   6.0 |   6.0 |   0.3 |   0.5 |   8.1 | 723.3
        Vaults |  14.4 |  14.4 |   0.4 |   0.2 |   8.8 | 1040.2
         Crypt |   6.3 |   6.3 |   0.3 |   0.0 |   8.0 | 755.3
        Depths |   8.0 |   7.9 |   1.1 |   0.2 |   9.0 | 572.0
           Zot |   5.2 |   5.2 |   0.9 |   1.0 |   9.4 | 372.4
         Abyss |   6.6 |   6.6 |   0.0 |   0.0 |   4.0 | 599.8
      Ziggurat |  12.6 |  12.7 |   0.0 |   1.0 |   0.5 | 169.7
      Ice Cave |   0.2 |   0.2 |   0.0 |   0.0 |   0.0 |  80.0
       Volcano |   0.4 |   0.4 |   0.0 |   0.0 |   2.1 | 144.0
    Desolation |   1.9 |   1.9 |   0.0 |   0.3 |  15.2 | 697.0
               +-------+-------+-------+-------+-------+----------------------

Vault maps used:
D:1:      dpeg_cavernosity, nrook_loot_triangle, st_stairs_13
D:3:      old_standard_altar, first_bread, ecumenical_altar_2,
          minmay_divided_ellipse
D:4:      minmay_diamond_boxcup, serial_shops, shop, nicolae_shop_behind_doors,
          kennysheep_mini_moat, nicolae_shop_trees
D:5:      serial_shops, nicolae_shop_statue_plus, basic_altar, led_sif_pool
D:7:      serial_bayou, serial_bayou_crossing, serial_bayou_lake_a,
          serial_bayou_lagoon_a, serial_bayou_lagoon_b, enter_bailey_3
D:8:      kennysheep_mini, lemuel_round_altar, hangedman_little_slice_of_home,
          basic_loot_grate_trap, chei_slow_surprise
D:9:      basic_altar, hangedman_decor_growths, lemuel_another_geyser
D:10:     lair_0_dummy
D:11:     minmay_guarded_unrand_resistance
D:12:     erik_orc_4, basic_altar, serial_shops, shop, onia_ninara_cookie
D:13:     serial_column_ruins, column_ruins_hut_water,
          column_ruins_corridor_plus, column_ruins_corridor_straight,
          column_ruins_open_small_water
D:14:     david_vaults_4, grunt_decor_one_mirror
D:15:     grunt_enter_depths_hoard, grunt_dithmenos_smoke, basic_altar,
          evilmike_butchery
Temple:   nicolae_temple_no_exploring_needed
Lair:1:   minivault_23, uniq_harold, uniq_gastronok
Lair:2:   kennysheep_abandoned_house, portal_ice_cave_entry_pillars_2,
          hibernation_bobbens, grunt_megastairs_5
Lair:3:   minmay_lair_oklob_tunnel, dummy_snake_entry, serial_bayou_pond_e,
          minivault_29, grunt_megastairs_1, uniq_fannar
Lair:4:   minmay_shoals_entry_beasts, beast_lair_carwin_6
Lair:5:   lightli_volcano_entry_magma_tube, infiniplex_staircase_pool_2,
          grunt_megastairs_2, serial_bayou_shore_a
Lair:6:   evilmike_catoblepas_cave, slime_altar_1, uniq_rupert
Shoals:1: nicolae_shoals_loop_pool
Shoals:3: cheibrodos_shoals_oceanic_diplomacy, lemuel_oklob_altar
Shoals:4: shoals_end_hangedman, shoals_ilsuiw_ice
Snake:1:  grunt_ministairs_2, guppyfry_snake_island, uniq_aizul, uniq_nikola,
          uniq_frances
Snake:2:  uniq_jorgrun
Snake:4:  snake_pit_salamanders_mu
Slime:4:  uniq_dissolution
Orc:1:    nicolae_orc_accident_3
Orc:2:    grunt_orc_cross
Elf:1:    minmay_elf_necromancy, sword_in_stone, roderic_lattice_octagonal_star
Elf:2:    serial_shops, shop, nicolae_shop_overgrown_old_shop,
          nicolae_shop_temple_entry_statues_fountains, st_stairs_5, uniq_louise,
          uniq_saint_roka
Elf:3:    minmay_elf_hall_circle, serial_shops, shop, uniq_bai_suzhen
Vaults:1: v_alt_pattern_4, st_greater_box_5, vaults_room_large_hall, v_rooms_6,
          nicolae_vaults_circle_grid_b, hangedman_vaults_trim,
          nicolae_vaults_alarming, hangedman_vaults_trim, vaults_dpeg_cross,
          vaults_room_pools
Vaults:2: nicolae_vaults_arrows, grunt_vaults_focal,
          ontoclasm_vaults_ring_small, ontoclasm_vaults_bender,
          vaults_room_glass_cross, vaults_dpeg_encased_lava,
          ontoclasm_vaults_fault, nicolae_vaults_angled_halls, v_misc_11,
          vaults_room_hallway, nicolae_vaults_asterisk, vaults_standard_mumra_x,
          vaults_room_hallway, hangedman_vaults_nodes,
          vaults_standard_mumra_enter_the_diamond, v_alt_pattern_1
Vaults:3: v_pattern_3, minmay_crypt_entry_simple_statues,
          nicolae_vaults_holding_cells, ontoclasm_vaults_hangar,
          vaults_room_stairs_pillars, nicolae_vaults_asterisk,
          portal_desolation_entry_ruin, serial_shops, shop, shop_statue,
          nicolae_shop_stone, nicolae_shop_window_shopping, shop
Vaults:4: vaults_room_pool, nicolae_vaults_border_crossing,
          nicolae_vaults_sealed_display, vaults_room_pool, vaults_dpeg_spiral,
          nicolae_vaults_bisected_slash, ontoclasm_vaults_claustrophobia,
          hangedman_vaults_maws, v_misc_4, st_check, vaults_room_semicircle,
          uniq_xtahua, uniq_margery, uniq_mara
Crypt:1:  cheibrodos_crypt_eye_of_stone, minmay_misc_feat_cross
Crypt:3:  evilmike_haunted_forest
Depths:1: hangedman_geh_valley, minmay_strange_pillars, serial_bayou_pond_b,
          st_stairs_14, eino_small_chamber_without_monster, spider_trap,
          serial_sigils_hangedman_quiver, tgw_lugonu_bribe, minmay_shop_star
Depths:2: evilmike_cross, enter_ziggurat_f, grunt_decor_mini_mirrors,
          abyss_entry, hell_entry, infiniplex_staircase_split_hallway
Depths:3: kennysheep_gozag_temple, hangedman_coc_ice_floe,
          grunt_pan_entry_sceptre, hangedman_summoners_spam, uniq_sojobo
Depths:4: lemuel_river_lethe, hell_entry, abyss_entry
Depths:5: grunt_zot_entry_tricorne, hellmouth_1, minmay_fountain_box,
          minmay_serpent_palace, serial_bayou_shore_b, uniq_jory
Zot:1:    nicolae_zot_draconian_monastery, st_single_dragon_hoard_3
Zot:2:    lemuel_lake_of_fire
Zot:4:    lemuel_draconian_sentries, hangedman_feature_mirror,
          lemuel_baited_zot_trap
Abyss:2:  evilmike_abyss_exit_glass
Abyss:4:  doesnt_abyss_rune_brain_food
Zig:5:    ziggurat_pillar_centre_oklobs
Zig:10:   ziggurat_pillar_centre_dead_trees
Zig:12:   ziggurat_pillar_centre_c
Zig:25:   ziggurat_pillar_centre_smoke
IceCv:    ice_cave_statue_garden_chambered
Volcano:  volcano_grotto
